Workbook

Sheet Instructivo
C1: UNIVERSIDAD DE CÓRDOBA | H1: CÓDIGO: FMAM-013 VERSIÓN: 06 EMISIÓN: 05/12/2023
C2: MATRIZ MAPA DE RIESGOS
B4: Matriz Mapa de Riesgos
B6: Teniendo en cuenta que con la expedición del Decreto 1499 de 2017 “Por medio del cual se modifica el Decreto 1083 de 2015, Decreto Único Reglamentario del Sector Función Pública, en lo relacionado con el Sistema de Gestión establecido en el artículo 133 de la Ley 1753 de 2015”, se crea un solo Sistema de Gestión y se alinea con el Sistema de Control Interno, hoy todas las entidades públicas requieren actualizar y/o implementar el Modelo Integrado de Planeación y Gestión MIPG, modelo que incorpora el Modelo Estándar de Control Interno MECI a través de la 7a dimensión del mismo. En este marco general, el proceso de administración del riesgo es un esfuerzo conjunto entre la Alta Dirección y los servidores en todos sus niveles, ejercicio que inicia con la formulación de la política de Administración del Riesgo, la cual incluye los niveles de responsabilidad frente al seguimiento y evaluación, aspectos que deberán definirse acorde con el Esquema de Líneas de Defensa vinculado a la Dimensión 7. Teniendo en cuenta lo anterior y dada la necesidad de las entidades frente a la estructuración de los mapas de riesgos, como herramienta fundamental frente a la gestión del riesgo, el presente formato desarrolla un esquema completo acorde con los contenidos metodológicos de la Guía para la Administración del Riesgo y el diseño de controles V5. El formato cuenta con celdas parametrizadas y permite contar con los respectivos mapas de calor para riesgo inherente y riesgo residual.
B8: Orientaciones Generales
B9: Antes de iniciar con el diligenciamiento de la información en la matriz, se requiere haber avanzado en el análisis del proceso, su objetivo, alcance, actividades clave, considere los lineamientos establecidos en el Paso 2: identificación del riesgo, donde se explica ampliamente las bases para adelanter este análisis. Así mismo, considere en el Paso 3: valoración del riesgo los lineamientos para definir el No. de veces que se hace la actividad con la cual se relaciona el riesgo y su impacto en términos económicos o reputacionales. En este mismo paso se analizan los controles que deben responder a los atributos de eficiencia e informativos. NOTA: Si lo considera pertinente, es posible agregar hojas de trabajo adicionales al presente formato que permitan incluir la traza de estos análisis.
B11: El archivo contiene las siguientes hojas: - Hoja 1 Instructivo - Hoja 2 Mapa Final: Encontrará la totalidad de la estructura para la identificación y valoración de los riesgos por proceso, programa o proyecto, acorde con el nivel de desagregación que la entidad considere necesaria.
C14: Columna | E14: Descripción - Lineamientos para el diligenciamiento
C15: Proceso | E15: Diligencie el nombre del proceso al cual se le identificarán y valorarán los riesgos.
C16: Objetivo | E16: Diligencie el objetivo del proceso.
C17: Alcance | E17: Diligencie el alcance del proceso.
C18: Referencia | E18: Permite definir unl consecutivo de riesgos. Una entidad puede ir en el riesgo 150, pero tener 70 riesgos, lo que permite llevar una traza de los riesgos. Esta información la debe administrar la oficina asesora de planeación o gerencia de riesgos. Cuando un el riesgo salga del mapa no existirá otro riesgo con el mismo número.
C19: Impacto | E19: Analice las consecuencias que puede ocasionar a la organización la materialización del riesgo, redacte de la forma más concreta posible.
C20: Causa Inmediata | E20: Circunstancias bajo las cuales se presenta el riesgo, es la situación más evidente frente al riesgo, redacte de la forma más concreta posible.
C21: Causa Raíz | E21: Causa principal o básica, corresponde a las razones por la cuales se puede presentar el riesgo, redacte de la forma más concreta posible.
C22: Descripción del Riesgo | E22: Consolida o resume los análisis sobre impacto + causa inmediata + causa raíz, permitiendo contar con una redacción clara y concreta del riesgo indentificado. Tenga en cuenta la estructura de alto nivel establecida en al guía, inicia con POSIBILIDAD DE + Impacto para la entidad (Qué) + Causa Inmediata (Cómo) + Causa Raíz (Por qué)
C23: Clasificación del Riesgo | E23: Utilice la lista de despligue que se encuentra parametrizada, le aparecerán las opciones: i)Daños Activos Fisicos, ii)Ejecucion y Administracion de procesos, iii)Fallas Tecnologicas, iv)Fraude Externo, v)Fraude Interno, vi)Relaciones Laborales, vii)Usuarios, productos y practicas organizacionales.
C24: Frecuencia con la cual se lleva a cabo la actividad | E24: Defina el # de veces que se ejecuta la actividad durante el año, (Recuerde la probabilidad e ocurrencia del riesgo se defien como el No. de veces que se pasa por el punto de riesgo en el periodo de 1 año). La matriz automáticamente hará el cálculo para el nivel de probabilidad inherente (Columnas H-I)
C25: Criterios de Impacto | E25: Utilice la lista de despligue que se encuentra parametrizada, le aparecerán las opciones de la tabla de Impacto en la Hoja 6 del presente documento. La matriz automáticamente hará el cálculo para el nivel de impacto inherente (Columnas L-M)
... C39: Estado | E39: Utilice la lista de despligue que se encuentra parametrizada, le aparecerán las opciones: i)Finalizado, ii)En curso, la selección en este caso dependerá de las acciones del plan que se hayan establecido en cada caso.
B42: - Hoja 3 Matriz de Calor Inherente: En esta hoja, en la medida en que ese diligencia el Mapa Final, se verán reflejados los riesgos en su zona correspondiente. Esta hoja no se diligencia se genera de manera automática.
B43: - Hoja 4 Matriz de Calor Residual: En esta hoja, en la medida en que ese diligencia el Mapa Final, se verán reflejados los riesgos en su zona correspondiente. Esta hoja no se diligencia se genera de manera automática.
B44: - Hoja 5 Tabla de probabilidad: Tabla referente para todos los cálculos (no se diligencia)
B45: - Hoja 6 Tabla de Impacto: Tabla referente para todos los cálculos (no se diligencia)
B46: - Hoja 7 Tabla de Valoración de Controles: Tabla referente para todos los cálculos (no se diligencia)

Sheet Mapa inherente
C1: UNIVERSIDAD DE CÓRDOBA | M1: CÓDIGO: FMAM-013 VERSIÓN: 06 EMISIÓN: 12/12/2023
C2: MATRIZ MAPA DE RIESGOS
A4: Proceso: | C4: BIENESTAR INSTITUCIONAL | F4: Objetivo: | G4: El mejoramiento de la salud física, mental, espiritual, social y familiar de estudiantes, servidores públicos docentes y no docentes, para contribuir a su formación integral, calidad de vida, construcción de comunidad y clima institucional, a través del desarrollo de programas de Bienestar Institucional, eficaces, eficientes y pertinentes. | J4: Alcance: | L4: El proceso de Bienestar Institucional aplica para los estudiantes de pregrado y posgrado, servidores públicos docentes y no docentes activos en la Universidad de Córdoba.
A5: Fecha elaboración | C5: 45399
A7: Identificación del riesgo | G7: Análisis del riesgo inherente
A8: Referencia | B8: Impacto | C8: Causa Inmediata | D8: Causa Raíz | E8: Descripción del Riesgo | F8: Clasificación del Riesgo | G8: Frecuencia con la cual se realiza la actividad - Diligencie este campo | H8: Probabilidad Inherente | I8: % | J8: Criterios de impacto - Diligencie este campo | K8: Observación de criterio | L8: Impacto Inherente | M8: % | N8: Zona de Riesgo Inherente
A10: 1 | B10: Reputacional | C10: Los programas de Bienestar no favorecen la adaptación de estudiantes provenientes de poblaciones vulnerables y heterogéneas | D10: La no identificación de necesidades y requerimientos de la población vulnerable y heterogenea presente en la Universidad | E10: Posibilidad de afectación reputacional porque los programas de Bienestar no favorecen la adaptación de estudiantes provenientes de poblaciones vulnerables heterogeneas debido a que no se cuenta con la identificación de necesidades y requerimientos de dicha población | F10: Ejecucion y Administracion de procesos | G10: 2 | H10: =IF(G10<=0,"",IF(G10<=2,"Muy Baja",IF(G10<=24,"Baja",IF(G10<=500,"Media",IF(G10<=5000,"Alta","Muy Alta"))))) -> Muy Baja | I10: =IF(H10="","",IF(H10="Muy Baja",0.2,IF(H10="Baja",0.4,IF(H10="Media",0.6,IF(H10="Alta",0.8,IF(H10="Muy Alta",1,)))))) -> 0.2 | J10: El riesgo afecta la imagen de la entidad con algunos usuarios de relevancia frente al logro de los objetivos | K10: =IF(NOT(ISERROR(MATCH(J10,'Tabla Impacto'!$B$225:$B$227,0))),'Tabla Impacto'!$F$227&"Por favor no seleccionar los criterios de impacto(Afectación Económica o presupuestal y Pérdida Reputacional)",J10) -> El riesgo afecta la imagen de la entidad con algunos usuarios de relevancia frente al logro de los objetivos | L10: =IF(OR(K10='Tabla Impacto'!$C$15,K10='Tabla Impacto'!$D$15),"Leve",IF(OR(K10='Tabla Impacto'!$C$16,K10='Tabla Impacto'!$D$16),"Menor",IF(OR(K10='Tabla Impacto'!$C$17,K10='Tabla Impacto'!$D$17),"Moderado",IF(OR(K10='Tabla Impacto'!$C$18,K10='Tabla Impacto'!$D$18),"Mayor",IF(OR(K10='Tabla Impacto'!$C$19,K10='Tabla Impacto'!$D$19),"Catastrófico",""))))) -> Moderado | M10: =IF(L10="","",IF(L10="Leve",0.2,IF(L10="Menor",0.4,IF(L10="Moderado",0.6,IF(L10="Mayor",0.8,IF(L10="Catastrófico",1,)))))) -> 0.6 | N10: =IF(OR(AND(H10="Muy Baja",L10="Leve"),AND(H10="Muy Baja",L10="Menor"),AND(H10="Baja",L10="Leve")),"Bajo",IF(OR(AND(H10="Muy baja",L10="Moderado"),AND(H10="Baja",L10="Menor"),AND(H10="Baja",L10="Moderado"),AND(H10="Media",L10="Leve"),AND(H10="Media",L10="Menor"),AND(H10="Media",L10="Moderado"),AND(H10="Alta",L10="Leve"),AND(H10="Alta",L10="Menor")),"Moderado",IF(OR(AND(H10="Muy Baja",L10="Mayor"),AND(H10="Baja",L10="Mayor"),AND(H10="Media",L10="Mayor"),AND(H10="Alta",L10="Moderado"),AND(H10="Alta",L10="Mayor"),AND(H10="Muy Alta",L10="Leve"),AND(H10="Muy Alta",L10="Menor"),AND(H10="Muy Alta",L10="Moderado"),AND(H10="Muy Alta",L10="Mayor")),"Alto",IF(OR(AND(H10="Muy Baja",L10="Catastrófico"),AND(H10="Baja",L10="Catastrófico"),AND(H10="Media",L10="Catastrófico"),AND(H10="Alta",L10="Catastrófico"),AND(H10="Muy Alta",L10="Catastrófico")),"Extremo","")))) -> Moderado
A11: 2 | B11: Reputacional | C11: La no contratación a tiempo para la prestacion del servicio | D11: Retrasos en la Contratación requerida para la prestación de servicios | E11: La posibilidad de afectación reputacional por falta de oportunidad en la prestación de los servicios debido a los retrasos en la contratación de prestadores externos | F11: Ejecucion y Administracion de procesos | G11: 2 | H11: =IF(G11<=0,"",IF(G11<=2,"Muy Baja",IF(G11<=24,"Baja",IF(G11<=500,"Media",IF(G11<=5000,"Alta","Muy Alta"))))) -> Muy Baja | I11: =IF(H11="","",IF(H11="Muy Baja",0.2,IF(H11="Baja",0.4,IF(H11="Media",0.6,IF(H11="Alta",0.8,IF(H11="Muy Alta",1,)))))) -> 0.2 | J11: El riesgo afecta la imagen de la entidad internamente, de conocimiento general, nivel interno, de junta dircetiva y accionistas y/o de provedores | K11: =IF(NOT(ISERROR(MATCH(J11,'Tabla Impacto'!$B$225:$B$227,0))),'Tabla Impacto'!$F$227&"Por favor no seleccionar los criterios de impacto(Afectación Económica o presupuestal y Pérdida Reputacional)",J11) -> El riesgo afecta la imagen de la entidad internamente, de conocimiento general, nivel interno, de junta dircetiva y accionistas y/o de provedores | L11: =IF(OR(K11='Tabla Impacto'!$C$15,K11='Tabla Impacto'!$D$15),"Leve",IF(OR(K11='Tabla Impacto'!$C$16,K11='Tabla Impacto'!$D$16),"Menor",IF(OR(K11='Tabla Impacto'!$C$17,K11='Tabla Impacto'!$D$17),"Moderado",IF(OR(K11='Tabla Impacto'!$C$18,K11='Tabla Impacto'!$D$18),"Mayor",IF(OR(K11='Tabla Impacto'!$C$19,K11='Tabla Impacto'!$D$19),"Catastrófico",""))))) -> Menor | M11: =IF(L11="","",IF(L11="Leve",0.2,IF(L11="Menor",0.4,IF(L11="Moderado",0.6,IF(L11="Mayor",0.8,IF(L11="Catastrófico",1,)))))) -> 0.4 | N11: =IF(OR(AND(H11="Muy Baja",L11="Leve"),AND(H11="Muy Baja",L11="Menor"),AND(H11="Baja",L11="Leve")),"Bajo",IF(OR(AND(H11="Muy baja",L11="Moderado"),AND(H11="Baja",L11="Menor"),AND(H11="Baja",L11="Moderado"),AND(H11="Media",L11="Leve"),AND(H11="Media",L11="Menor"),AND(H11="Media",L11="Moderado"),AND(H11="Alta",L11="Leve"),AND(H11="Alta",L11="Menor")),"Moderado",IF(OR(AND(H11="Muy Baja",L11="Mayor"),AND(H11="Baja",L11="Mayor"),AND(H11="Media",L11="Mayor"),AND(H11="Alta",L11="Moderado"),AND(H11="Alta",L11="Mayor"),AND(H11="Muy Alta",L11="Leve"),AND(H11="Muy Alta",L11="Menor"),AND(H11="Muy Alta",L11="Moderado"),AND(H11="Muy Alta",L11="Mayor")),"Alto",IF(OR(AND(H11="Muy Baja",L11="Catastrófico"),AND(H11="Baja",L11="Catastrófico"),AND(H11="Media",L11="Catastrófico"),AND(H11="Alta",L11="Catastrófico"),AND(H11="Muy Alta",L11="Catastrófico")),"Extremo","")))) -> Bajo
A12: 3 | B12: Económico y Reputacional | C12: El presupuesto asignado al proceso es inferior a lo proyectado para la ejecución de los programas | D12: Bajo presupuesto para la ejecución del POA | E12: Posibilidad de afectación economico y reputacional por presupuesto insuficiente para la ejecución total del Plan Operativo Anual | F12: Ejecucion y Administracion de procesos | G12: 2 | H12: =IF(G12<=0,"",IF(G12<=2,"Muy Baja",IF(G12<=24,"Baja",IF(G12<=500,"Media",IF(G12<=5000,"Alta","Muy Alta"))))) -> Muy Baja | I12: =IF(H12="","",IF(H12="Muy Baja",0.2,IF(H12="Baja",0.4,IF(H12="Media",0.6,IF(H12="Alta",0.8,IF(H12="Muy Alta",1,)))))) -> 0.2 | J12: El riesgo afecta la imagen de la entidad con algunos usuarios de relevancia frente al logro de los objetivos | K12: =IF(NOT(ISERROR(MATCH(J12,'Tabla Impacto'!$B$225:$B$227,0))),'Tabla Impacto'!$F$227&"Por favor no seleccionar los criterios de impacto(Afectación Económica o presupuestal y Pérdida Reputacional)",J12) -> El riesgo afecta la imagen de la entidad con algunos usuarios de relevancia frente al logro de los objetivos | L12: =IF(OR(K12='Tabla Impacto'!$C$15,K12='Tabla Impacto'!$D$15),"Leve",IF(OR(K12='Tabla Impacto'!$C$16,K12='Tabla Impacto'!$D$16),"Menor",IF(OR(K12='Tabla Impacto'!$C$17,K12='Tabla Impacto'!$D$17),"Moderado",IF(OR(K12='Tabla Impacto'!$C$18,K12='Tabla Impacto'!$D$18),"Mayor",IF(OR(K12='Tabla Impacto'!$C$19,K12='Tabla Impacto'!$D$19),"Catastrófico",""))))) -> Moderado | M12: =IF(L12="","",IF(L12="Leve",0.2,IF(L12="Menor",0.4,IF(L12="Moderado",0.6,IF(L12="Mayor",0.8,IF(L12="Catastrófico",1,)))))) -> 0.6 | N12: =IF(OR(AND(H12="Muy Baja",L12="Leve"),AND(H12="Muy Baja",L12="Menor"),AND(H12="Baja",L12="Leve")),"Bajo",IF(OR(AND(H12="Muy baja",L12="Moderado"),AND(H12="Baja",L12="Menor"),AND(H12="Baja",L12="Moderado"),AND(H12="Media",L12="Leve"),AND(H12="Media",L12="Menor"),AND(H12="Media",L12="Moderado"),AND(H12="Alta",L12="Leve"),AND(H12="Alta",L12="Menor")),"Moderado",IF(OR(AND(H12="Muy Baja",L12="Mayor"),AND(H12="Baja",L12="Mayor"),AND(H12="Media",L12="Mayor"),AND(H12="Alta",L12="Moderado"),AND(H12="Alta",L12="Mayor"),AND(H12="Muy Alta",L12="Leve"),AND(H12="Muy Alta",L12="Menor"),AND(H12="Muy Alta",L12="Moderado"),AND(H12="Muy Alta",L12="Mayor")),"Alto",IF(OR(AND(H12="Muy Baja",L12="Catastrófico"),AND(H12="Baja",L12="Catastrófico"),AND(H12="Media",L12="Catastrófico"),AND(H12="Alta",L12="Catastrófico"),AND(H12="Muy Alta",L12="Catastrófico")),"Extremo","")))) -> Moderado
A13: 4 | B13: Reputacional | C13: Adelantar un trámite que beneficie a su solicitante (estudiantes, docentes y administrativos) sin el cumplimento de los requisitos establecidos para ello | D13: debido al tráfico de influencia, Amiguismo y/o clientelismo | E13: Posibilidad de afectación reputacional por adelantar tramites que beneficien a su solicitante (estudiantes, docentes y administrativos) sin el cumplimento de los requisitos establecidos para ello, por tráfico de influencia, Amiguismo y/o clientelismo | F13: Fraude Interno | G13: 3 | H13: =IF(G13<=0,"",IF(G13<=2,"Muy Baja",IF(G13<=24,"Baja",IF(G13<=500,"Media",IF(G13<=5000,"Alta","Muy Alta"))))) -> Baja | I13: =IF(H13="","",IF(H13="Muy Baja",0.2,IF(H13="Baja",0.4,IF(H13="Media",0.6,IF(H13="Alta",0.8,IF(H13="Muy Alta",1,)))))) -> 0.4 | J13: El riesgo afecta la imagen de alguna área de la organización | K13: =IF(NOT(ISERROR(MATCH(J13,'Tabla Impacto'!$B$225:$B$227,0))),'Tabla Impacto'!$F$227&"Por favor no seleccionar los criterios de impacto(Afectación Económica o presupuestal y Pérdida Reputacional)",J13) -> El riesgo afecta la imagen de alguna área de la organización | L13: =IF(OR(K13='Tabla Impacto'!$C$15,K13='Tabla Impacto'!$D$15),"Leve",IF(OR(K13='Tabla Impacto'!$C$16,K13='Tabla Impacto'!$D$16),"Menor",IF(OR(K13='Tabla Impacto'!$C$17,K13='Tabla Impacto'!$D$17),"Moderado",IF(OR(K13='Tabla Impacto'!$C$18,K13='Tabla Impacto'!$D$18),"Mayor",IF(OR(K13='Tabla Impacto'!$C$19,K13='Tabla Impacto'!$D$19),"Catastrófico",""))))) -> Leve | M13: =IF(L13="","",IF(L13="Leve",0.2,IF(L13="Menor",0.4,IF(L13="Moderado",0.6,IF(L13="Mayor",0.8,IF(L13="Catastrófico",1,)))))) -> 0.2 | N13: =IF(OR(AND(H13="Muy Baja",L13="Leve"),AND(H13="Muy Baja",L13="Menor"),AND(H13="Baja",L13="Leve")),"Bajo",IF(OR(AND(H13="Muy baja",L13="Moderado"),AND(H13="Baja",L13="Menor"),AND(H13="Baja",L13="Moderado"),AND(H13="Media",L13="Leve"),AND(H13="Media",L13="Menor"),AND(H13="Media",L13="Moderado"),AND(H13="Alta",L13="Leve"),AND(H13="Alta",L13="Menor")),"Moderado",IF(OR(AND(H13="Muy Baja",L13="Mayor"),AND(H13="Baja",L13="Mayor"),AND(H13="Media",L13="Mayor"),AND(H13="Alta",L13="Moderado"),AND(H13="Alta",L13="Mayor"),AND(H13="Muy Alta",L13="Leve"),AND(H13="Muy Alta",L13="Menor"),AND(H13="Muy Alta",L13="Moderado"),AND(H13="Muy Alta",L13="Mayor")),"Alto",IF(OR(AND(H13="Muy Baja",L13="Catastrófico"),AND(H13="Baja",L13="Catastrófico"),AND(H13="Media",L13="Catastrófico"),AND(H13="Alta",L13="Catastrófico"),AND(H13="Muy Alta",L13="Catastrófico")),"Extremo","")))) -> Bajo
A14: 5 | B14: Económico y Reputacional | C14: Apropiación, uso o aplicación indebida de los equipos y elementos de las áreas Culturales, artísticas y deportivas, por parte de los funcionarios públicos encargados de su administración, manejo y/o custodia, en beneficio propio, favorecimiento a terceros o asuntos no institucionales | D14: Extralimitación de funciones y falta de controles para asegurar el correcto uso de los equipos y elementos de las áreas Culturales, artísticas y deportivas | E14: Posibilidad de afectación Económico y Reputacional por la apropiación, uso o aplicación indebida de los equipos y elementos de las áreas Culturales, artísticas y deportivas, por parte de los funcionarios públicos encargados de su administración, manejo y/o custodia, en beneficio propio, favorecimiento a terceros o asuntos no institucionales por Extralimitación de funciones y falta de controles para asegurar el correcto uso de los equipos y elementos de las áreas Culturales, artísticas y deportivas | F14: Fraude Interno | G14: 168 | H14: =IF(G14<=0,"",IF(G14<=2,"Muy Baja",IF(G14<=24,"Baja",IF(G14<=500,"Media",IF(G14<=5000,"Alta","Muy Alta"))))) -> Media | I14: =IF(H14="","",IF(H14="Muy Baja",0.2,IF(H14="Baja",0.4,IF(H14="Media",0.6,IF(H14="Alta",0.8,IF(H14="Muy Alta",1,)))))) -> 0.6 | J14: El riesgo afecta la imagen de la entidad con algunos usuarios de relevancia frente al logro de los objetivos | K14: =IF(NOT(ISERROR(MATCH(J14,'Tabla Impacto'!$B$225:$B$227,0))),'Tabla Impacto'!$F$227&"Por favor no seleccionar los criterios de impacto(Afectación Económica o presupuestal y Pérdida Reputacional)",J14) -> El riesgo afecta la imagen de la entidad con algunos usuarios de relevancia frente al logro de los objetivos | L14: =IF(OR(K14='Tabla Impacto'!$C$15,K14='Tabla Impacto'!$D$15),"Leve",IF(OR(K14='Tabla Impacto'!$C$16,K14='Tabla Impacto'!$D$16),"Menor",IF(OR(K14='Tabla Impacto'!$C$17,K14='Tabla Impacto'!$D$17),"Moderado",IF(OR(K14='Tabla Impacto'!$C$18,K14='Tabla Impacto'!$D$18),"Mayor",IF(OR(K14='Tabla Impacto'!$C$19,K14='Tabla Impacto'!$D$19),"Catastrófico",""))))) -> Moderado | M14: =IF(L14="","",IF(L14="Leve",0.2,IF(L14="Menor",0.4,IF(L14="Moderado",0.6,IF(L14="Mayor",0.8,IF(L14="Catastrófico",1,)))))) -> 0.6 | N14: =IF(OR(AND(H14="Muy Baja",L14="Leve"),AND(H14="Muy Baja",L14="Menor"),AND(H14="Baja",L14="Leve")),"Bajo",IF(OR(AND(H14="Muy baja",L14="Moderado"),AND(H14="Baja",L14="Menor"),AND(H14="Baja",L14="Moderado"),AND(H14="Media",L14="Leve"),AND(H14="Media",L14="Menor"),AND(H14="Media",L14="Moderado"),AND(H14="Alta",L14="Leve"),AND(H14="Alta",L14="Menor")),"Moderado",IF(OR(AND(H14="Muy Baja",L14="Mayor"),AND(H14="Baja",L14="Mayor"),AND(H14="Media",L14="Mayor"),AND(H14="Alta",L14="Moderado"),AND(H14="Alta",L14="Mayor"),AND(H14="Muy Alta",L14="Leve"),AND(H14="Muy Alta",L14="Menor"),AND(H14="Muy Alta",L14="Moderado"),AND(H14="Muy Alta",L14="Mayor")),"Alto",IF(OR(AND(H14="Muy Baja",L14="Catastrófico"),AND(H14="Baja",L14="Catastrófico"),AND(H14="Media",L14="Catastrófico"),AND(H14="Alta",L14="Catastrófico"),AND(H14="Muy Alta",L14="Catastrófico")),"Extremo","")))) -> Moderado
A15: 6 | B15: Económico y Reputacional | C15: Emitir un recibido a satisfacción de un bien y/o un servicio sin el cumplimiento de las condiciones pactadas para un beneficio particular | D15: debido al tráfico de influencia, Amiguismo, clientelismo y/o soborno | E15: Posibilidad de afectación Económico y Reputacional por la emisión de recibido a satisfacción de un bien y/o un servicio sin el cumplimiento de las condiciones pactadas para un beneficio particular ,debido al tráfico de influencia, Amiguismo, clientelismo y/o soborno | F15: Fraude Interno | G15: 10 | H15: =IF(G15<=0,"",IF(G15<=2,"Muy Baja",IF(G15<=24,"Baja",IF(G15<=500,"Media",IF(G15<=5000,"Alta","Muy Alta"))))) -> Baja | I15: =IF(H15="","",IF(H15="Muy Baja",0.2,IF(H15="Baja",0.4,IF(H15="Media",0.6,IF(H15="Alta",0.8,IF(H15="Muy Alta",1,)))))) -> 0.4 | J15: Mayor a 500 SMLMV | K15: =IF(NOT(ISERROR(MATCH(J15,'Tabla Impacto'!$B$225:$B$227,0))),'Tabla Impacto'!$F$227&"Por favor no seleccionar los criterios de impacto(Afectación Económica o presupuestal y Pérdida Reputacional)",J15) -> Mayor a 500 SMLMV | L15: =IF(OR(K15='Tabla Impacto'!$C$15,K15='Tabla Impacto'!$D$15),"Leve",IF(OR(K15='Tabla Impacto'!$C$16,K15='Tabla Impacto'!$D$16),"Menor",IF(OR(K15='Tabla Impacto'!$C$17,K15='Tabla Impacto'!$D$17),"Moderado",IF(OR(K15='Tabla Impacto'!$C$18,K15='Tabla Impacto'!$D$18),"Mayor",IF(OR(K15='Tabla Impacto'!$C$19,K15='Tabla Impacto'!$D$19),"Catastrófico",""))))) -> Catastrófico | M15: =IF(L15="","",IF(L15="Leve",0.2,IF(L15="Menor",0.4,IF(L15="Moderado",0.6,IF(L15="Mayor",0.8,IF(L15="Catastrófico",1,)))))) -> 1 | N15: =IF(OR(AND(H15="Muy Baja",L15="Leve"),AND(H15="Muy Baja",L15="Menor"),AND(H15="Baja",L15="Leve")),"Bajo",IF(OR(AND(H15="Muy baja",L15="Moderado"),AND(H15="Baja",L15="Menor"),AND(H15="Baja",L15="Moderado"),AND(H15="Media",L15="Leve"),AND(H15="Media",L15="Menor"),AND(H15="Media",L15="Moderado"),AND(H15="Alta",L15="Leve"),AND(H15="Alta",L15="Menor")),"Moderado",IF(OR(AND(H15="Muy Baja",L15="Mayor"),AND(H15="Baja",L15="Mayor"),AND(H15="Media",L15="Mayor"),AND(H15="Alta",L15="Moderado"),AND(H15="Alta",L15="Mayor"),AND(H15="Muy Alta",L15="Leve"),AND(H15="Muy Alta",L15="Menor"),AND(H15="Muy Alta",L15="Moderado"),AND(H15="Muy Alta",L15="Mayor")),"Alto",IF(OR(AND(H15="Muy Baja",L15="Catastrófico"),AND(H15="Baja",L15="Catastrófico"),AND(H15="Media",L15="Catastrófico"),AND(H15="Alta",L15="Catastrófico"),AND(H15="Muy Alta",L15="Catastrófico")),"Extremo","")))) -> Extremo
A17: *Nota: La columna referencia se sugiere para mantener el consecutivo de riesgos, así el riesgo salga del mapa no existirá otro riesgo con el mismo número. Una entidad puede ir en el riesgo 150 pero tener 70 riesgos, lo que permite llevar una traza de los riesgos. Esta información la debe administrar la Oficina Asesora de Planeación o Gerencia de Riesgos.
A18: Fuente: Adaptado de Curso Riesgo Operativo Universidad del Rosario por Dirección de Gestión y Desempeño Institucional de Función Pública, 2020.

Sheet Matriz Calor Inherente
J2: UNIVERSIDAD DE CÓRDOBA | AN2: CÓDIGO: FMAM-013 VERSIÓN: 06 EMISIÓN: 12/12/2023
J3: MATRIZ MAPA DE RIESGOS
B5: Matriz de Calor Inherente | J5: Impacto
B9: Probabilidad | E9: Muy Alta 100% | J9: =IF(AND('Mapa inherente'!$H$10="Muy Alta",'Mapa inherente'!$L$10="Leve"),CONCATENATE("R",'Mapa inherente'!$A$10),"") | L9: =IF(AND('Mapa inherente'!$H$11="Muy Alta",'Mapa inherente'!$L$11="Leve"),CONCATENATE("R",'Mapa inherente'!$A$11),"") | N9: =IF(AND('Mapa inherente'!$H$12="Muy Alta",'Mapa inherente'!$L$12="Leve"),CONCATENATE("R",'Mapa inherente'!$A$12),"") | P9: =IF(AND('Mapa inherente'!$H$10="Muy Alta",'Mapa inherente'!$L$10="Menor"),CONCATENATE("R",'Mapa inherente'!$A$10),"") | R9: =IF(AND('Mapa inherente'!$H$11="Muy Alta",'Mapa inherente'!$L$11="Menor"),CONCATENATE("R",'Mapa inherente'!$A$11),"") | T9: =IF(AND('Mapa inherente'!$H$12="Muy Alta",'Mapa inherente'!$L$12="Menor"),CONCATENATE("R",'Mapa inherente'!$A$12),"") | V9: =IF(AND('Mapa inherente'!$H$10="Muy Alta",'Mapa inherente'!$L$10="Moderado"),CONCATENATE("R",'Mapa inherente'!$A$10),"") | X9: =IF(AND('Mapa inherente'!$H$11="Muy Alta",'Mapa inherente'!$L$11="Moderado"),CONCATENATE("R",'Mapa inherente'!$A$11),"") | Z9: =IF(AND('Mapa inherente'!$H$12="Muy Alta",'Mapa inherente'!$L$12="Moderado"),CONCATENATE("R",'Mapa inherente'!$A$12),"") | AB9: =IF(AND('Mapa inherente'!$H$10="Muy Alta",'Mapa inherente'!$L$10="Mayor"),CONCATENATE("R",'Mapa inherente'!$A$10),"") | AD9: =IF(AND('Mapa inherente'!$H$11="Muy Alta",'Mapa inherente'!$L$11="Mayor"),CONCATENATE("R",'Mapa inherente'!$A$11),"") | AF9: =IF(AND('Mapa inherente'!$H$12="Muy Alta",'Mapa inherente'!$L$12="Mayor"),CONCATENATE("R",'Mapa inherente'!$A$12),"") | AH9: =IF(AND('Mapa inherente'!$H$10="Muy Alta",'Mapa inherente'!$L$10="Catastrófico"),CONCATENATE("R",'Mapa inherente'!$A$10),"") | AJ9: =IF(AND('Mapa inherente'!$H$11="Muy Alta",'Mapa inherente'!$L$11="Catastrófico"),CONCATENATE("R",'Mapa inherente'!$A$11),"") | AL9: =IF(AND('Mapa inherente'!$H$12="Muy Alta",'Mapa inherente'!$L$12="Catastrófico"),CONCATENATE("R",'Mapa inherente'!$A$12),"") | AO9: Extremo
J11: =IF(AND('Mapa inherente'!$H$13="Muy Alta",'Mapa inherente'!$L$13="Leve"),CONCATENATE("R",'Mapa inherente'!$A$13),"") | L11: =IF(AND('Mapa inherente'!$H$14="Muy Alta",'Mapa inherente'!$L$14="Leve"),CONCATENATE("R",'Mapa inherente'!$A$14),"") | N11: =IF(AND('Mapa inherente'!$H$15="Muy Alta",'Mapa inherente'!$L$15="Leve"),CONCATENATE("R",'Mapa inherente'!$A$15),"") | P11: =IF(AND('Mapa inherente'!$H$13="Muy Alta",'Mapa inherente'!$L$13="Menor"),CONCATENATE("R",'Mapa inherente'!$A$13),"") | R11: =IF(AND('Mapa inherente'!$H$14="Muy Alta",'Mapa inherente'!$L$14="Menor"),CONCATENATE("R",'Mapa inherente'!$A$14),"") | T11: =IF(AND('Mapa inherente'!$H$15="Muy Alta",'Mapa inherente'!$L$15="Menor"),CONCATENATE("R",'Mapa inherente'!$A$15),"") | V11: =IF(AND('Mapa inherente'!$H$13="Muy Alta",'Mapa inherente'!$L$13="Moderado"),CONCATENATE("R",'Mapa inherente'!$A$13),"") | X11: =IF(AND('Mapa inherente'!$H$14="Muy Alta",'Mapa inherente'!$L$14="Moderado"),CONCATENATE("R",'Mapa inherente'!$A$14),"") | Z11: =IF(AND('Mapa inherente'!$H$15="Muy Alta",'Mapa inherente'!$L$15="Moderado"),CONCATENATE("R",'Mapa inherente'!$A$15),"") | AB11: =IF(AND('Mapa inherente'!$H$13="Muy Alta",'Mapa inherente'!$L$13="Mayor"),CONCATENATE("R",'Mapa inherente'!$A$13),"") | AD11: =IF(AND('Mapa inherente'!$H$14="Muy Alta",'Mapa inherente'!$L$14="Mayor"),CONCATENATE("R",'Mapa inherente'!$A$14),"") | AF11: =IF(AND('Mapa inherente'!$H$15="Muy Alta",'Mapa inherente'!$L$15="Mayor"),CONCATENATE("R",'Mapa inherente'!$A$15),"") | AH11: =IF(AND('Mapa inherente'!$H$13="Muy Alta",'Mapa inherente'!$L$13="Catastrófico"),CONCATENATE("R",'Mapa inherente'!$A$13),"") | AJ11: =IF(AND('Mapa inherente'!$H$14="Muy Alta",'Mapa inherente'!$L$14="Catastrófico"),CONCATENATE("R",'Mapa inherente'!$A$14),"") | AL11: =IF(AND('Mapa inherente'!$H$15="Muy Alta",'Mapa inherente'!$L$15="Catastrófico"),CONCATENATE("R",'Mapa inherente'!$A$15),"")
E15: Alta 80% | J15: =IF(AND('Mapa inherente'!$H$10="Alta",'Mapa inherente'!$L$10="Leve"),CONCATENATE("R",'Mapa inherente'!$A$10),"") | L15: =IF(AND('Mapa inherente'!$H$11="Alta",'Mapa inherente'!$L$11="Leve"),CONCATENATE("R",'Mapa inherente'!$A$11),"") | N15: =IF(AND('Mapa inherente'!$H$12="Alta",'Mapa inherente'!$L$12="Leve"),CONCATENATE("R",'Mapa inherente'!$A$12),"") | P15: =IF(AND('Mapa inherente'!$H$10="Alta",'Mapa inherente'!$L$10="Menor"),CONCATENATE("R",'Mapa inherente'!$A$10),"") | R15: =IF(AND('Mapa inherente'!$H$11="Alta",'Mapa inherente'!$L$11="Menor"),CONCATENATE("R",'Mapa inherente'!$A$11),"") | T15: =IF(AND('Mapa inherente'!$H$12="Alta",'Mapa inherente'!$L$12="Menor"),CONCATENATE("R",'Mapa inherente'!$A$12),"") | V15: =IF(AND('Mapa inherente'!$H$10="Alta",'Mapa inherente'!$L$10="Moderado"),CONCATENATE("R",'Mapa inherente'!$A$10),"") | X15: =IF(AND('Mapa inherente'!$H$11="Alta",'Mapa inherente'!$L$11="Moderado"),CONCATENATE("R",'Mapa inherente'!$A$11),"") | Z15: =IF(AND('Mapa inherente'!$H$12="Alta",'Mapa inherente'!$L$12="Moderado"),CONCATENATE("R",'Mapa inherente'!$A$12),"") | AB15: =IF(AND('Mapa inherente'!$H$10="Alta",'Mapa inherente'!$L$10="Mayor"),CONCATENATE("R",'Mapa inherente'!$A$10),"") | AD15: =IF(AND('Mapa inherente'!$H$11="Alta",'Mapa inherente'!$L$11="Mayor"),CONCATENATE("R",'Mapa inherente'!$A$11),"") | AF15: =IF(AND('Mapa inherente'!$H$12="Alta",'Mapa inherente'!$L$12="Mayor"),CONCATENATE("R",'Mapa inherente'!$A$12),"") | AH15: =IF(AND('Mapa inherente'!$H$10="Alta",'Mapa inherente'!$L$10="Catastrófico"),CONCATENATE("R",'Mapa inherente'!$A$10),"") | AJ15: =IF(AND('Mapa inherente'!$H$11="Alta",'Mapa inherente'!$L$11="Catastrófico"),CONCATENATE("R",'Mapa inherente'!$A$11),"") | AL15: =IF(AND('Mapa inherente'!$H$12="Alta",'Mapa inherente'!$L$12="Catastrófico"),CONCATENATE("R",'Mapa inherente'!$A$12),"") | AO15: Alto
J17: =IF(AND('Mapa inherente'!$H$13="Alta",'Mapa inherente'!$L$13="Leve"),CONCATENATE("R",'Mapa inherente'!$A$13),"") | L17: =IF(AND('Mapa inherente'!$H$14="Alta",'Mapa inherente'!$L$14="Leve"),CONCATENATE("R",'Mapa inherente'!$A$14),"") | N17: =IF(AND('Mapa inherente'!$H$15="Alta",'Mapa inherente'!$L$15="Leve"),CONCATENATE("R",'Mapa inherente'!$A$15),"") | P17: =IF(AND('Mapa inherente'!$H$13="Alta",'Mapa inherente'!$L$13="Menor"),CONCATENATE("R",'Mapa inherente'!$A$13),"") | R17: =IF(AND('Mapa inherente'!$H$14="Alta",'Mapa inherente'!$L$14="Menor"),CONCATENATE("R",'Mapa inherente'!$A$14),"") | T17: =IF(AND('Mapa inherente'!$H$15="Alta",'Mapa inherente'!$L$15="Menor"),CONCATENATE("R",'Mapa inherente'!$A$15),"") | V17: =IF(AND('Mapa inherente'!$H$13="Alta",'Mapa inherente'!$L$13="Moderado"),CONCATENATE("R",'Mapa inherente'!$A$13),"") | X17: =IF(AND('Mapa inherente'!$H$14="Alta",'Mapa inherente'!$L$14="Moderado"),CONCATENATE("R",'Mapa inherente'!$A$14),"") | Z17: =IF(AND('Mapa inherente'!$H$15="Alta",'Mapa inherente'!$L$15="Moderado"),CONCATENATE("R",'Mapa inherente'!$A$15),"") | AB17: =IF(AND('Mapa inherente'!$H$13="Alta",'Mapa inherente'!$L$13="Mayor"),CONCATENATE("R",'Mapa inherente'!$A$13),"") | AD17: =IF(AND('Mapa inherente'!$H$14="Alta",'Mapa inherente'!$L$14="Mayor"),CONCATENATE("R",'Mapa inherente'!$A$14),"") | AF17: =IF(AND('Mapa inherente'!$H$15="Alta",'Mapa inherente'!$L$15="Mayor"),CONCATENATE("R",'Mapa inherente'!$A$15),"") | AH17: =IF(AND('Mapa inherente'!$H$13="Alta",'Mapa inherente'!$L$13="Catastrófico"),CONCATENATE("R",'Mapa inherente'!$A$13),"") | AJ17: =IF(AND('Mapa inherente'!$H$14="Alta",'Mapa inherente'!$L$14="Catastrófico"),CONCATENATE("R",'Mapa inherente'!$A$14),"") | AL17: =IF(AND('Mapa inherente'!$H$15="Alta",'Mapa inherente'!$L$15="Catastrófico"),CONCATENATE("R",'Mapa inherente'!$A$15),"")
E21: Media 60% | J21: =IF(AND('Mapa inherente'!$H$10="Media",'Mapa inherente'!$L$10="Leve"),CONCATENATE("R",'Mapa inherente'!$A$10),"") | L21: =IF(AND('Mapa inherente'!$H$11="Media",'Mapa inherente'!$L$11="Leve"),CONCATENATE("R",'Mapa inherente'!$A$11),"") | N21: =IF(AND('Mapa inherente'!$H$12="Media",'Mapa inherente'!$L$12="Leve"),CONCATENATE("R",'Mapa inherente'!$A$12),"") | P21: =IF(AND('Mapa inherente'!$H$10="Media",'Mapa inherente'!$L$10="Menor"),CONCATENATE("R",'Mapa inherente'!$A$10),"") | R21: =IF(AND('Mapa inherente'!$H$11="Media",'Mapa inherente'!$L$11="Menor"),CONCATENATE("R",'Mapa inherente'!$A$11),"") | T21: =IF(AND('Mapa inherente'!$H$12="Media",'Mapa inherente'!$L$12="Menor"),CONCATENATE("R",'Mapa inherente'!$A$12),"") | V21: =IF(AND('Mapa inherente'!$H$10="Media",'Mapa inherente'!$L$10="Moderado"),CONCATENATE("R",'Mapa inherente'!$A$10),"") | X21: =IF(AND('Mapa inherente'!$H$11="Media",'Mapa inherente'!$L$11="Moderado"),CONCATENATE("R",'Mapa inherente'!$A$11),"") | Z21: =IF(AND('Mapa inherente'!$H$12="Media",'Mapa inherente'!$L$12="Moderado"),CONCATENATE("R",'Mapa inherente'!$A$12),"") | AB21: =IF(AND('Mapa inherente'!$H$10="Media",'Mapa inherente'!$L$10="Mayor"),CONCATENATE("R",'Mapa inherente'!$A$10),"") | AD21: =IF(AND('Mapa inherente'!$H$11="Media",'Mapa inherente'!$L$11="Mayor"),CONCATENATE("R",'Mapa inherente'!$A$11),"") | AF21: =IF(AND('Mapa inherente'!$H$12="Media",'Mapa inherente'!$L$12="Mayor"),CONCATENATE("R",'Mapa inherente'!$A$12),"") | AH21: =IF(AND('Mapa inherente'!$H$10="Media",'Mapa inherente'!$L$10="Catastrófico"),CONCATENATE("R",'Mapa inherente'!$A$10),"") | AJ21: =IF(AND('Mapa inherente'!$H$11="Media",'Mapa inherente'!$L$11="Catastrófico"),CONCATENATE("R",'Mapa inherente'!$A$11),"") | AL21: =IF(AND('Mapa inherente'!$H$12="Media",'Mapa inherente'!$L$12="Catastrófico"),CONCATENATE("R",'Mapa inherente'!$A$12),"") | AO21: Moderado
J23: =IF(AND('Mapa inherente'!$H$13="Media",'Mapa inherente'!$L$13="Leve"),CONCATENATE("R",'Mapa inherente'!$A$13),"") | L23: =IF(AND('Mapa inherente'!$H$14="Media",'Mapa inherente'!$L$14="Leve"),CONCATENATE("R",'Mapa inherente'!$A$14),"") | N23: =IF(AND('Mapa inherente'!$H$15="Media",'Mapa inherente'!$L$15="Leve"),CONCATENATE("R",'Mapa inherente'!$A$15),"") | P23: =IF(AND('Mapa inherente'!$H$13="Media",'Mapa inherente'!$L$13="Menor"),CONCATENATE("R",'Mapa inherente'!$A$13),"") | R23: =IF(AND('Mapa inherente'!$H$14="Media",'Mapa inherente'!$L$14="Menor"),CONCATENATE("R",'Mapa inherente'!$A$14),"") | T23: =IF(AND('Mapa inherente'!$H$15="Media",'Mapa inherente'!$L$15="Menor"),CONCATENATE("R",'Mapa inherente'!$A$15),"") | V23: =IF(AND('Mapa inherente'!$H$13="Media",'Mapa inherente'!$L$13="Moderado"),CONCATENATE("R",'Mapa inherente'!$A$13),"") | X23: =IF(AND('Mapa inherente'!$H$14="Media",'Mapa inherente'!$L$14="Moderado"),CONCATENATE("R",'Mapa inherente'!$A$14),"") -> R5 | Z23: =IF(AND('Mapa inherente'!$H$15="Media",'Mapa inherente'!$L$15="Moderado"),CONCATENATE("R",'Mapa inherente'!$A$15),"") | AB23: =IF(AND('Mapa inherente'!$H$13="Media",'Mapa inherente'!$L$13="Mayor"),CONCATENATE("R",'Mapa inherente'!$A$13),"") | AD23: =IF(AND('Mapa inherente'!$H$14="Media",'Mapa inherente'!$L$14="Mayor"),CONCATENATE("R",'Mapa inherente'!$A$14),"") | AF23: =IF(AND('Mapa inherente'!$H$15="Media",'Mapa inherente'!$L$15="Mayor"),CONCATENATE("R",'Mapa inherente'!$A$15),"") | AH23: =IF(AND('Mapa inherente'!$H$13="Media",'Mapa inherente'!$L$13="Catastrófico"),CONCATENATE("R",'Mapa inherente'!$A$13),"") | AJ23: =IF(AND('Mapa inherente'!$H$14="Media",'Mapa inherente'!$L$14="Catastrófico"),CONCATENATE("R",'Mapa inherente'!$A$14),"") | AL23: =IF(AND('Mapa inherente'!$H$15="Media",'Mapa inherente'!$L$15="Catastrófico"),CONCATENATE("R",'Mapa inherente'!$A$15),"")
E27: Baja 40% | J27: =IF(AND('Mapa inherente'!$H$10="Baja",'Mapa inherente'!$L$10="Leve"),CONCATENATE("R",'Mapa inherente'!$A$10),"") | L27: =IF(AND('Mapa inherente'!$H$11="Baja",'Mapa inherente'!$L$11="Leve"),CONCATENATE("R",'Mapa inherente'!$A$11),"") | N27: =IF(AND('Mapa inherente'!$H$12="Baja",'Mapa inherente'!$L$12="Leve"),CONCATENATE("R",'Mapa inherente'!$A$12),"") | P27: =IF(AND('Mapa inherente'!$H$10="Baja",'Mapa inherente'!$L$10="Menor"),CONCATENATE("R",'Mapa inherente'!$A$10),"") | R27: =IF(AND('Mapa inherente'!$H$11="Baja",'Mapa inherente'!$L$11="Menor"),CONCATENATE("R",'Mapa inherente'!$A$11),"") | T27: =IF(AND('Mapa inherente'!$H$12="Baja",'Mapa inherente'!$L$12="Menor"),CONCATENATE("R",'Mapa inherente'!$A$12),"") | V27: =IF(AND('Mapa inherente'!$H$10="Baja",'Mapa inherente'!$L$10="Moderado"),CONCATENATE("R",'Mapa inherente'!$A$10),"") | X27: =IF(AND('Mapa inherente'!$H$11="Baja",'Mapa inherente'!$L$11="Moderado"),CONCATENATE("R",'Mapa inherente'!$A$11),"") | Z27: =IF(AND('Mapa inherente'!$H$12="Baja",'Mapa inherente'!$L$12="Moderado"),CONCATENATE("R",'Mapa inherente'!$A$12),"") | AB27: =IF(AND('Mapa inherente'!$H$10="Baja",'Mapa inherente'!$L$10="Mayor"),CONCATENATE("R",'Mapa inherente'!$A$10),"") | AD27: =IF(AND('Mapa inherente'!$H$11="Baja",'Mapa inherente'!$L$11="Mayor"),CONCATENATE("R",'Mapa inherente'!$A$11),"") | AF27: =IF(AND('Mapa inherente'!$H$12="Baja",'Mapa inherente'!$L$12="Mayor"),CONCATENATE("R",'Mapa inherente'!$A$12),"") | AH27: =IF(AND('Mapa inherente'!$H$10="Baja",'Mapa inherente'!$L$10="Catastrófico"),CONCATENATE("R",'Mapa inherente'!$A$10),"") | AJ27: =IF(AND('Mapa inherente'!$H$11="Baja",'Mapa inherente'!$L$11="Catastrófico"),CONCATENATE("R",'Mapa inherente'!$A$11),"") | AL27: =IF(AND('Mapa inherente'!$H$12="Baja",'Mapa inherente'!$L$12="Catastrófico"),CONCATENATE("R",'Mapa inherente'!$A$12),"") | AO27: Bajo
J29: =IF(AND('Mapa inherente'!$H$13="Baja",'Mapa inherente'!$L$13="Leve"),CONCATENATE("R",'Mapa inherente'!$A$13),"") -> R4 | L29: =IF(AND('Mapa inherente'!$H$14="Baja",'Mapa inherente'!$L$14="Leve"),CONCATENATE("R",'Mapa inherente'!$A$14),"") | N29: =IF(AND('Mapa inherente'!$H$15="Baja",'Mapa inherente'!$L$15="Leve"),CONCATENATE("R",'Mapa inherente'!$A$15),"") | P29: =IF(AND('Mapa inherente'!$H$13="Baja",'Mapa inherente'!$L$13="Menor"),CONCATENATE("R",'Mapa inherente'!$A$13),"") | R29: =IF(AND('Mapa inherente'!$H$14="Baja",'Mapa inherente'!$L$14="Menor"),CONCATENATE("R",'Mapa inherente'!$A$14),"") | T29: =IF(AND('Mapa inherente'!$H$15="Baja",'Mapa inherente'!$L$15="Menor"),CONCATENATE("R",'Mapa inherente'!$A$15),"") | V29: =IF(AND('Mapa inherente'!$H$13="Baja",'Mapa inherente'!$L$13="Moderado"),CONCATENATE("R",'Mapa inherente'!$A$13),"") | X29: =IF(AND('Mapa inherente'!$H$14="Baja",'Mapa inherente'!$L$14="Moderado"),CONCATENATE("R",'Mapa inherente'!$A$14),"") | Z29: =IF(AND('Mapa inherente'!$H$15="Baja",'Mapa inherente'!$L$15="Moderado"),CONCATENATE("R",'Mapa inherente'!$A$15),"") | AB29: =IF(AND('Mapa inherente'!$H$13="Baja",'Mapa inherente'!$L$13="Mayor"),CONCATENATE("R",'Mapa inherente'!$A$13),"") | AD29: =IF(AND('Mapa inherente'!$H$14="Baja",'Mapa inherente'!$L$14="Mayor"),CONCATENATE("R",'Mapa inherente'!$A$14),"") | AF29: =IF(AND('Mapa inherente'!$H$15="Baja",'Mapa inherente'!$L$15="Mayor"),CONCATENATE("R",'Mapa inherente'!$A$15),"") | AH29: =IF(AND('Mapa inherente'!$H$13="Baja",'Mapa inherente'!$L$13="Catastrófico"),CONCATENATE("R",'Mapa inherente'!$A$13),"") | AJ29: =IF(AND('Mapa inherente'!$H$14="Baja",'Mapa inherente'!$L$14="Catastrófico"),CONCATENATE("R",'Mapa inherente'!$A$14),"") | AL29: =IF(AND('Mapa inherente'!$H$15="Baja",'Mapa inherente'!$L$15="Catastrófico"),CONCATENATE("R",'Mapa inherente'!$A$15),"") -> R6
E33: Muy Baja 20% | J33: =IF(AND('Mapa inherente'!$H$10="Muy Baja",'Mapa inherente'!$L$10="Leve"),CONCATENATE("R",'Mapa inherente'!$A$10),"") | L33: =IF(AND('Mapa inherente'!$H$11="Muy Baja",'Mapa inherente'!$L$11="Leve"),CONCATENATE("R",'Mapa inherente'!$A$11),"") | N33: =IF(AND('Mapa inherente'!$H$12="Muy Baja",'Mapa inherente'!$L$12="Leve"),CONCATENATE("R",'Mapa inherente'!$A$12),"") | P33: =IF(AND('Mapa inherente'!$H$10="Muy Baja",'Mapa inherente'!$L$10="Menor"),CONCATENATE("R",'Mapa inherente'!$A$10),"") | R33: =IF(AND('Mapa inherente'!$H$11="Muy Baja",'Mapa inherente'!$L$11="Menor"),CONCATENATE("R",'Mapa inherente'!$A$11),"") -> R2 | T33: =IF(AND('Mapa inherente'!$H$12="Muy Baja",'Mapa inherente'!$L$12="Menor"),CONCATENATE("R",'Mapa inherente'!$A$12),"") | V33: =IF(AND('Mapa inherente'!$H$10="Muy Baja",'Mapa inherente'!$L$10="Moderado"),CONCATENATE("R",'Mapa inherente'!$A$10),"") -> R1 | X33: =IF(AND('Mapa inherente'!$H$11="Muy Baja",'Mapa inherente'!$L$11="Moderado"),CONCATENATE("R",'Mapa inherente'!$A$11),"") | Z33: =IF(AND('Mapa inherente'!$H$12="Muy Baja",'Mapa inherente'!$L$12="Moderado"),CONCATENATE("R",'Mapa inherente'!$A$12),"") -> R3 | AB33: =IF(AND('Mapa inherente'!$H$10="Muy Baja",'Mapa inherente'!$L$10="Mayor"),CONCATENATE("R",'Mapa inherente'!$A$10),"") | AD33: =IF(AND('Mapa inherente'!$H$11="Muy Baja",'Mapa inherente'!$L$11="Mayor"),CONCATENATE("R",'Mapa inherente'!$A$11),"") | AF33: =IF(AND('Mapa inherente'!$H$12="Muy Baja",'Mapa inherente'!$L$12="Mayor"),CONCATENATE("R",'Mapa inherente'!$A$12),"") | AH33: =IF(AND('Mapa inherente'!$H$10="Muy Baja",'Mapa inherente'!$L$10="Catastrófico"),CONCATENATE("R",'Mapa inherente'!$A$10),"") | AJ33: =IF(AND('Mapa inherente'!$H$11="Muy Baja",'Mapa inherente'!$L$11="Catastrófico"),CONCATENATE("R",'Mapa inherente'!$A$11),"") | AL33: =IF(AND('Mapa inherente'!$H$12="Muy Baja",'Mapa inherente'!$L$12="Catastrófico"),CONCATENATE("R",'Mapa inherente'!$A$12),"")
J35: =IF(AND('Mapa inherente'!$H$13="Muy Baja",'Mapa inherente'!$L$13="Leve"),CONCATENATE("R",'Mapa inherente'!$A$13),"") | L35: =IF(AND('Mapa inherente'!$H$14="Muy Baja",'Mapa inherente'!$L$14="Leve"),CONCATENATE("R",'Mapa inherente'!$A$14),"") | N35: =IF(AND('Mapa inherente'!$H$15="Muy Baja",'Mapa inherente'!$L$15="Leve"),CONCATENATE("R",'Mapa inherente'!$A$15),"") | P35: =IF(AND('Mapa inherente'!$H$13="Muy Baja",'Mapa inherente'!$L$13="Menor"),CONCATENATE("R",'Mapa inherente'!$A$13),"") | R35: =IF(AND('Mapa inherente'!$H$14="Muy Baja",'Mapa inherente'!$L$14="Menor"),CONCATENATE("R",'Mapa inherente'!$A$14),"") | T35: =IF(AND('Mapa inherente'!$H$15="Muy Baja",'Mapa inherente'!$L$15="Menor"),CONCATENATE("R",'Mapa inherente'!$A$15),"") | V35: =IF(AND('Mapa inherente'!$H$13="Muy Baja",'Mapa inherente'!$L$13="Moderado"),CONCATENATE("R",'Mapa inherente'!$A$13),"") | X35: =IF(AND('Mapa inherente'!$H$14="Muy Baja",'Mapa inherente'!$L$14="Moderado"),CONCATENATE("R",'Mapa inherente'!$A$14),"") | Z35: =IF(AND('Mapa inherente'!$H$15="Muy Baja",'Mapa inherente'!$L$15="Moderado"),CONCATENATE("R",'Mapa inherente'!$A$15),"") | AB35: =IF(AND('Mapa inherente'!$H$13="Muy Baja",'Mapa inherente'!$L$13="Mayor"),CONCATENATE("R",'Mapa inherente'!$A$13),"") | AD35: =IF(AND('Mapa inherente'!$H$14="Muy Baja",'Mapa inherente'!$L$14="Mayor"),CONCATENATE("R",'Mapa inherente'!$A$14),"") | AF35: =IF(AND('Mapa inherente'!$H$15="Muy Baja",'Mapa inherente'!$L$15="Mayor"),CONCATENATE("R",'Mapa inherente'!$A$15),"") | AH35: =IF(AND('Mapa inherente'!$H$13="Muy Baja",'Mapa inherente'!$L$13="Catastrófico"),CONCATENATE("R",'Mapa inherente'!$A$13),"") | AJ35: =IF(AND('Mapa inherente'!$H$14="Muy Baja",'Mapa inherente'!$L$14="Catastrófico"),CONCATENATE("R",'Mapa inherente'!$A$14),"") | AL35: =IF(AND('Mapa inherente'!$H$15="Muy Baja",'Mapa inherente'!$L$15="Catastrófico"),CONCATENATE("R",'Mapa inherente'!$A$15),"")
J39: Leve 20% | P39: Menor 40% | V39: Moderado 60% | AB39: Mayor 80% | AH39: Catastrófico 100%

Sheet Hoja de controles
B1: UNIVERSIDAD DE CÓRDOBA | S1: CÓDIGO: FMAM-013 VERSIÓN: 06 EMISIÓN: 12/12/2023
B2: MATRIZ MAPA DE RIESGOS
A7: Ref. Riesgo - Seleccione un valor | B7: Descripción Riesgo - No editable | C7: Riesgo Inherente - No editable | D7: Valoración de controles | O7: Nivel de riesgo residual
D8: No. Control - No editable | E8: Descripción del Control | F8: Periodicidad Ejemplo: Diario, Semanal, Mensual, etc. | G8: Evidencia Ejemplo: Informe de revisión, Acta de reunión. | H8: Atributos | N8: Componente que afecta | O8: Probabilidad Residual | P8: Zona probabilidad residual | Q8: Impacto residual | R8: Zona Impacto Residual | S8: Zona de Riesgo Final | T8: Tratamiento
H9: Tipo | I9: Implementación | J9: Documentación | K9: Frecuencia | L9: Evidencia | M9: Nivel de afectación a riesgo
A10: 1 | B10: =IF(A10="","",VLOOKUP(A10,'Mapa inherente'!$A$10:$E$15,5,FALSE)) -> Posibilidad de afectación reputacional porque los programas de Bienestar no favorecen la adaptación de estudiantes provenientes de poblaciones vulnerables heterogeneas debido a que no se cuenta con la identificación de necesidades y requerimientos de dicha población | C10: =IF(A10="","",VLOOKUP(A10,'Mapa inherente'!$A$10:$N$15,14,FALSE)) -> Moderado | D10: =IF(B10="","",1) -> 1 | E10: El profesional responsable del área de investigación y gestión de la calidad, compilará anualmente la información producto del censo para la Caracterización de la población vulnerable y heterogénea de los estudiantes de pregrado mediante encuesta aplicada a los estudiantes en su primer ingreso a la institución | F10: Anual | G10: Informe de Caracterización | H10: Preventivo | I10: Manual | J10: Documentado | K10: Aleatoria | L10: Con Registro | M10: =IF(AND(H10="Preventivo",I10="Automático"),"50%",IF(AND(H10="Preventivo",I10="Manual"),"40%",IF(AND(H10="Detectivo",I10="Automático"),"40%",IF(AND(H10="Detectivo",I10="Manual"),"30%",IF(AND(H10="Correctivo",I10="Automático"),"35%",IF(AND(H10="Correctivo",I10="Manual"),"25%","")))))) -> 40% | N10: =IF(OR(H10="Preventivo",H10="Detectivo"),"Probabilidad",IF(H10="Correctivo","Impacto","")) -> Probabilidad | O10: =IF(A10="","",IF(D10=1,IFERROR(IF(N10="Probabilidad",(VLOOKUP(A10,'Mapa inherente'!$A$10:$M$15,9,FALSE)-(VLOOKUP(A10,'Mapa inherente'!$A$10:$M$15,9,FALSE)*M10)),IF(N10="Impacto",VLOOKUP(A10,'Mapa inherente'!$A$10:$M$15,9,FALSE),"")),""), IFERROR(IF(N10="Probabilidad",(O9-(O9)*M10),O9),""))) -> 0.12 | P10: =IFERROR(IF(O10="","",IF(O10<=0.2,"Muy Baja",IF(O10<=0.4,"Baja",IF(O10<=0.6,"Media",IF(O10<=0.8,"Alta","Muy Alta"))))),"") -> Muy Baja | Q10: =IF(A10="","",IF(D10=1,IFERROR(IF(N10="Impacto",(VLOOKUP(A10,'Mapa inherente'!$A$10:$M$15,13,FALSE)-(VLOOKUP(A10,'Mapa inherente'!$A$10:$M$15,13,FALSE)*M10)),IF(N10="Probabilidad",VLOOKUP(A10,'Mapa inherente'!$A$10:$M$15,13,FALSE),"")),""), IFERROR(IF(N10="Impacto",(Q9-(Q9)*M10),Q9),""))) -> 0.6 | R10: =IFERROR(IF(Q10="","",IF(Q10<=0.2,"Leve",IF(Q10<=0.4,"Menor",IF(Q10<=0.6,"Moderado",IF(Q10<=0.8,"Mayor","Catastrófico"))))),"") -> Moderado | S10: =IFERROR(IF(OR(AND(P10="Muy Baja",R10="Leve"),AND(P10="Muy Baja",R10="Menor"),AND(P10="Baja",R10="Leve")),"Bajo",IF(OR(AND(P10="Muy baja",R10="Moderado"),AND(P10="Baja",R10="Menor"),AND(P10="Baja",R10="Moderado"),AND(P10="Media",R10="Leve"),AND(P10="Media",R10="Menor"),AND(P10="Media",R10="Moderado"),AND(P10="Alta",R10="Leve"),AND(P10="Alta",R10="Menor")),"Moderado",IF(OR(AND(P10="Muy Baja",R10="Mayor"),AND(P10="Baja",R10="Mayor"),AND(P10="Media",R10="Mayor"),AND(P10="Alta",R10="Moderado"),AND(P10="Alta",R10="Mayor"),AND(P10="Muy Alta",R10="Leve"),AND(P10="Muy Alta",R10="Menor"),AND(P10="Muy Alta",R10="Moderado"),AND(P10="Muy Alta",R10="Mayor")),"Alto",IF(OR(AND(P10="Muy Baja",R10="Catastrófico"),AND(P10="Baja",R10="Catastrófico"),AND(P10="Media",R10="Catastrófico"),AND(P10="Alta",R10="Catastrófico"),AND(P10="Muy Alta",R10="Catastrófico")),"Extremo","")))),"") -> Moderado | T10: Reducir (mitigar)
A11: 1 | B11: =IF(A11="","",VLOOKUP(A11,'Mapa inherente'!$A$10:$E$15,5,FALSE)) -> Posibilidad de afectación reputacional porque los programas de Bienestar no favorecen la adaptación de estudiantes provenientes de poblaciones vulnerables heterogeneas debido a que no se cuenta con la identificación de necesidades y requerimientos de dicha población | C11: =IF(A11="","",VLOOKUP(A11,'Mapa inherente'!$A$10:$N$15,14,FALSE)) -> Moderado | D11: =IF(B11="","",IF(B11=B10,D10+1,1)) -> 2 | E11: Desarrollo de actividades acordes a las necesidades y requerimientos identificados en la caracterización de la población vulnerable y heterogenea, implementadas en las diferentes áreas de servicio de Bienestar Institucional, con base en la viabilidad financiera de los mismos. | F11: Semestral | G11: Formatos del proceso, plantillas de cargue de información e informes | H11: Correctivo | I11: Manual | J11: Documentado | K11: Continua | L11: Con Registro | M11: =IF(AND(H11="Preventivo",I11="Automático"),"50%",IF(AND(H11="Preventivo",I11="Manual"),"40%",IF(AND(H11="Detectivo",I11="Automático"),"40%",IF(AND(H11="Detectivo",I11="Manual"),"30%",IF(AND(H11="Correctivo",I11="Automático"),"35%",IF(AND(H11="Correctivo",I11="Manual"),"25%","")))))) -> 25% | N11: =IF(OR(H11="Preventivo",H11="Detectivo"),"Probabilidad",IF(H11="Correctivo","Impacto","")) -> Impacto | O11: =IF(A11="","",IF(D11=1,IFERROR(IF(N11="Probabilidad",(VLOOKUP(A11,'Mapa inherente'!$A$10:$M$15,9,FALSE)-(VLOOKUP(A11,'Mapa inherente'!$A$10:$M$15,9,FALSE)*M11)),IF(N11="Impacto",VLOOKUP(A11,'Mapa inherente'!$A$10:$M$15,9,FALSE),"")),""), IFERROR(IF(N11="Probabilidad",(O10-(O10)*M11),O10),""))) -> 0.12 | P11: =IFERROR(IF(O11="","",IF(O11<=0.2,"Muy Baja",IF(O11<=0.4,"Baja",IF(O11<=0.6,"Media",IF(O11<=0.8,"Alta","Muy Alta"))))),"") -> Muy Baja | Q11: =IF(A11="","",IF(D11=1,IFERROR(IF(N11="Impacto",(VLOOKUP(A11,'Mapa inherente'!$A$10:$M$15,13,FALSE)-(VLOOKUP(A11,'Mapa inherente'!$A$10:$M$15,13,FALSE)*M11)),IF(N11="Probabilidad",VLOOKUP(A11,'Mapa inherente'!$A$10:$M$15,13,FALSE),"")),""), IFERROR(IF(N11="Impacto",(Q10-(Q10)*M11),Q10),""))) -> 0.45 | R11: =IFERROR(IF(Q11="","",IF(Q11<=0.2,"Leve",IF(Q11<=0.4,"Menor",IF(Q11<=0.6,"Moderado",IF(Q11<=0.8,"Mayor","Catastrófico"))))),"") -> Moderado | S11: =IFERROR(IF(OR(AND(P11="Muy Baja",R11="Leve"),AND(P11="Muy Baja",R11="Menor"),AND(P11="Baja",R11="Leve")),"Bajo",IF(OR(AND(P11="Muy baja",R11="Moderado"),AND(P11="Baja",R11="Menor"),AND(P11="Baja",R11="Moderado"),AND(P11="Media",R11="Leve"),AND(P11="Media",R11="Menor"),AND(P11="Media",R11="Moderado"),AND(P11="Alta",R11="Leve"),AND(P11="Alta",R11="Menor")),"Moderado",IF(OR(AND(P11="Muy Baja",R11="Mayor"),AND(P11="Baja",R11="Mayor"),AND(P11="Media",R11="Mayor"),AND(P11="Alta",R11="Moderado"),AND(P11="Alta",R11="Mayor"),AND(P11="Muy Alta",R11="Leve"),AND(P11="Muy Alta",R11="Menor"),AND(P11="Muy Alta",R11="Moderado"),AND(P11="Muy Alta",R11="Mayor")),"Alto",IF(OR(AND(P11="Muy Baja",R11="Catastrófico"),AND(P11="Baja",R11="Catastrófico"),AND(P11="Media",R11="Catastrófico"),AND(P11="Alta",R11="Catastrófico"),AND(P11="Muy Alta",R11="Catastrófico")),"Extremo","")))),"") -> Moderado | T11: Reducir (mitigar)
A12: 1 | B12: =IF(A12="","",VLOOKUP(A12,'Mapa inherente'!$A$10:$E$15,5,FALSE)) -> Posibilidad de afectación reputacional porque los programas de Bienestar no favorecen la adaptación de estudiantes provenientes de poblaciones vulnerables heterogeneas debido a que no se cuenta con la identificación de necesidades y requerimientos de dicha población | C12: =IF(A12="","",VLOOKUP(A12,'Mapa inherente'!$A$10:$N$15,14,FALSE)) -> Moderado | D12: =IF(B12="","",IF(B12=B11,D11+1,1)) -> 3 | E12: Comunicar o notificar a otros proceso de la Universidad (Docencia, Planeación y desarrollo, logistica, Talento Humano y comunicaciones) las necesidades y requerimientos identificados en la población vulnerable y heterogenea de la Universidad, según su pertinencia. | F12: Semestral | G12: Comunicaciones Internas, Correos electronicos | H12: Correctivo | I12: Manual | J12: Documentado | K12: Continua | L12: Con Registro | M12: =IF(AND(H12="Preventivo",I12="Automático"),"50%",IF(AND(H12="Preventivo",I12="Manual"),"40%",IF(AND(H12="Detectivo",I12="Automático"),"40%",IF(AND(H12="Detectivo",I12="Manual"),"30%",IF(AND(H12="Correctivo",I12="Automático"),"35%",IF(AND(H12="Correctivo",I12="Manual"),"25%","")))))) -> 25% | N12: =IF(OR(H12="Preventivo",H12="Detectivo"),"Probabilidad",IF(H12="Correctivo","Impacto","")) -> Impacto | O12: =IF(A12="","",IF(D12=1,IFERROR(IF(N12="Probabilidad",(VLOOKUP(A12,'Mapa inherente'!$A$10:$M$15,9,FALSE)-(VLOOKUP(A12,'Mapa inherente'!$A$10:$M$15,9,FALSE)*M12)),IF(N12="Impacto",VLOOKUP(A12,'Mapa inherente'!$A$10:$M$15,9,FALSE),"")),""), IFERROR(IF(N12="Probabilidad",(O11-(O11)*M12),O11),""))) -> 0.12 | P12: =IFERROR(IF(O12="","",IF(O12<=0.2,"Muy Baja",IF(O12<=0.4,"Baja",IF(O12<=0.6,"Media",IF(O12<=0.8,"Alta","Muy Alta"))))),"") -> Muy Baja | Q12: =IF(A12="","",IF(D12=1,IFERROR(IF(N12="Impacto",(VLOOKUP(A12,'Mapa inherente'!$A$10:$M$15,13,FALSE)-(VLOOKUP(A12,'Mapa inherente'!$A$10:$M$15,13,FALSE)*M12)),IF(N12="Probabilidad",VLOOKUP(A12,'Mapa inherente'!$A$10:$M$15,13,FALSE),"")),""), IFERROR(IF(N12="Impacto",(Q11-(Q11)*M12),Q11),""))) -> 0.3375 | R12: =IFERROR(IF(Q12="","",IF(Q12<=0.2,"Leve",IF(Q12<=0.4,"Menor",IF(Q12<=0.6,"Moderado",IF(Q12<=0.8,"Mayor","Catastrófico"))))),"") -> Menor | S12: =IFERROR(IF(OR(AND(P12="Muy Baja",R12="Leve"),AND(P12="Muy Baja",R12="Menor"),AND(P12="Baja",R12="Leve")),"Bajo",IF(OR(AND(P12="Muy baja",R12="Moderado"),AND(P12="Baja",R12="Menor"),AND(P12="Baja",R12="Moderado"),AND(P12="Media",R12="Leve"),AND(P12="Media",R12="Menor"),AND(P12="Media",R12="Moderado"),AND(P12="Alta",R12="Leve"),AND(P12="Alta",R12="Menor")),"Moderado",IF(OR(AND(P12="Muy Baja",R12="Mayor"),AND(P12="Baja",R12="Mayor"),AND(P12="Media",R12="Mayor"),AND(P12="Alta",R12="Moderado"),AND(P12="Alta",R12="Mayor"),AND(P12="Muy Alta",R12="Leve"),AND(P12="Muy Alta",R12="Menor"),AND(P12="Muy Alta",R12="Moderado"),AND(P12="Muy Alta",R12="Mayor")),"Alto",IF(OR(AND(P12="Muy Baja",R12="Catastrófico"),AND(P12="Baja",R12="Catastrófico"),AND(P12="Media",R12="Catastrófico"),AND(P12="Alta",R12="Catastrófico"),AND(P12="Muy Alta",R12="Catastrófico")),"Extremo","")))),"") -> Bajo | T12: Aceptar
A13: 2 | B13: =IF(A13="","",VLOOKUP(A13,'Mapa inherente'!$A$10:$E$15,5,FALSE)) -> La posibilidad de afectación reputacional por falta de oportunidad en la prestación de los servicios debido a los retrasos en la contratación de prestadores externos | C13: =IF(A13="","",VLOOKUP(A13,'Mapa inherente'!$A$10:$N$15,14,FALSE)) -> Bajo | D13: =IF(B13="","",IF(B13=B12,D12+1,1)) -> 1 | E13: seguimiento a la contratación para evitar retrazos en la prestacion de los servicios de bienestar. | F13: Semestral | G13: Comunicaciones Internas, Correos electronicos | H13: Correctivo | I13: Manual | J13: Documentado | K13: Continua | L13: Con Registro | M13: =IF(AND(H13="Preventivo",I13="Automático"),"50%",IF(AND(H13="Preventivo",I13="Manual"),"40%",IF(AND(H13="Detectivo",I13="Automático"),"40%",IF(AND(H13="Detectivo",I13="Manual"),"30%",IF(AND(H13="Correctivo",I13="Automático"),"35%",IF(AND(H13="Correctivo",I13="Manual"),"25%","")))))) -> 25% | N13: =IF(OR(H13="Preventivo",H13="Detectivo"),"Probabilidad",IF(H13="Correctivo","Impacto","")) -> Impacto | O13: =IF(A13="","",IF(D13=1,IFERROR(IF(N13="Probabilidad",(VLOOKUP(A13,'Mapa inherente'!$A$10:$M$15,9,FALSE)-(VLOOKUP(A13,'Mapa inherente'!$A$10:$M$15,9,FALSE)*M13)),IF(N13="Impacto",VLOOKUP(A13,'Mapa inherente'!$A$10:$M$15,9,FALSE),"")),""), IFERROR(IF(N13="Probabilidad",(O12-(O12)*M13),O12),""))) -> 0.2 | P13: =IFERROR(IF(O13="","",IF(O13<=0.2,"Muy Baja",IF(O13<=0.4,"Baja",IF(O13<=0.6,"Media",IF(O13<=0.8,"Alta","Muy Alta"))))),"") -> Muy Baja | Q13: =IF(A13="","",IF(D13=1,IFERROR(IF(N13="Impacto",(VLOOKUP(A13,'Mapa inherente'!$A$10:$M$15,13,FALSE)-(VLOOKUP(A13,'Mapa inherente'!$A$10:$M$15,13,FALSE)*M13)),IF(N13="Probabilidad",VLOOKUP(A13,'Mapa inherente'!$A$10:$M$15,13,FALSE),"")),""), IFERROR(IF(N13="Impacto",(Q12-(Q12)*M13),Q12),""))) -> 0.3 | R13: =IFERROR(IF(Q13="","",IF(Q13<=0.2,"Leve",IF(Q13<=0.4,"Menor",IF(Q13<=0.6,"Moderado",IF(Q13<=0.8,"Mayor","Catastrófico"))))),"") -> Menor | S13: =IFERROR(IF(OR(AND(P13="Muy Baja",R13="Leve"),AND(P13="Muy Baja",R13="Menor"),AND(P13="Baja",R13="Leve")),"Bajo",IF(OR(AND(P13="Muy baja",R13="Moderado"),AND(P13="Baja",R13="Menor"),AND(P13="Baja",R13="Moderado"),AND(P13="Media",R13="Leve"),AND(P13="Media",R13="Menor"),AND(P13="Media",R13="Moderado"),AND(P13="Alta",R13="Leve"),AND(P13="Alta",R13="Menor")),"Moderado",IF(OR(AND(P13="Muy Baja",R13="Mayor"),AND(P13="Baja",R13="Mayor"),AND(P13="Media",R13="Mayor"),AND(P13="Alta",R13="Moderado"),AND(P13="Alta",R13="Mayor"),AND(P13="Muy Alta",R13="Leve"),AND(P13="Muy Alta",R13="Menor"),AND(P13="Muy Alta",R13="Moderado"),AND(P13="Muy Alta",R13="Mayor")),"Alto",IF(OR(AND(P13="Muy Baja",R13="Catastrófico"),AND(P13="Baja",R13="Catastrófico"),AND(P13="Media",R13="Catastrófico"),AND(P13="Alta",R13="Catastrófico"),AND(P13="Muy Alta",R13="Catastrófico")),"Extremo","")))),"") -> Bajo | T13: Reducir (mitigar)
A14: 2 | B14: =IF(A14="","",VLOOKUP(A14,'Mapa inherente'!$A$10:$E$15,5,FALSE)) -> La posibilidad de afectación reputacional por falta de oportunidad en la prestación de los servicios debido a los retrasos en la contratación de prestadores externos | C14: =IF(A14="","",VLOOKUP(A14,'Mapa inherente'!$A$10:$N$15,14,FALSE)) -> Bajo | D14: =IF(B14="","",IF(B14=B13,D13+1,1)) -> 2 | E14: Contratación oportuna de personal calificado y de los prestadores que se ajusten a las necesidades para mejorar la oportunidad de los servicios que brinda bienestar institucional | F14: Semestral | G14: Solicitudes de personal, solicitudes de cdp, estudios previos | H14: Preventivo | I14: Manual | J14: Documentado | K14: Continua | L14: Con Registro | M14: =IF(AND(H14="Preventivo",I14="Automático"),"50%",IF(AND(H14="Preventivo",I14="Manual"),"40%",IF(AND(H14="Detectivo",I14="Automático"),"40%",IF(AND(H14="Detectivo",I14="Manual"),"30%",IF(AND(H14="Correctivo",I14="Automático"),"35%",IF(AND(H14="Correctivo",I14="Manual"),"25%","")))))) -> 40% | N14: =IF(OR(H14="Preventivo",H14="Detectivo"),"Probabilidad",IF(H14="Correctivo","Impacto","")) -> Probabilidad | O14: =IF(A14="","",IF(D14=1,IFERROR(IF(N14="Probabilidad",(VLOOKUP(A14,'Mapa inherente'!$A$10:$M$15,9,FALSE)-(VLOOKUP(A14,'Mapa inherente'!$A$10:$M$15,9,FALSE)*M14)),IF(N14="Impacto",VLOOKUP(A14,'Mapa inherente'!$A$10:$M$15,9,FALSE),"")),""), IFERROR(IF(N14="Probabilidad",(O13-(O13)*M14),O13),""))) -> 0.12 | P14: =IFERROR(IF(O14="","",IF(O14<=0.2,"Muy Baja",IF(O14<=0.4,"Baja",IF(O14<=0.6,"Media",IF(O14<=0.8,"Alta","Muy Alta"))))),"") -> Muy Baja | Q14: =IF(A14="","",IF(D14=1,IFERROR(IF(N14="Impacto",(VLOOKUP(A14,'Mapa inherente'!$A$10:$M$15,13,FALSE)-(VLOOKUP(A14,'Mapa inherente'!$A$10:$M$15,13,FALSE)*M14)),IF(N14="Probabilidad",VLOOKUP(A14,'Mapa inherente'!$A$10:$M$15,13,FALSE),"")),""), IFERROR(IF(N14="Impacto",(Q13-(Q13)*M14),Q13),""))) -> 0.3 | R14: =IFERROR(IF(Q14="","",IF(Q14<=0.2,"Leve",IF(Q14<=0.4,"Menor",IF(Q14<=0.6,"Moderado",IF(Q14<=0.8,"Mayor","Catastrófico"))))),"") -> Menor | S14: =IFERROR(IF(OR(AND(P14="Muy Baja",R14="Leve"),AND(P14="Muy Baja",R14="Menor"),AND(P14="Baja",R14="Leve")),"Bajo",IF(OR(AND(P14="Muy baja",R14="Moderado"),AND(P14="Baja",R14="Menor"),AND(P14="Baja",R14="Moderado"),AND(P14="Media",R14="Leve"),AND(P14="Media",R14="Menor"),AND(P14="Media",R14="Moderado"),AND(P14="Alta",R14="Leve"),AND(P14="Alta",R14="Menor")),"Moderado",IF(OR(AND(P14="Muy Baja",R14="Mayor"),AND(P14="Baja",R14="Mayor"),AND(P14="Media",R14="Mayor"),AND(P14="Alta",R14="Moderado"),AND(P14="Alta",R14="Mayor"),AND(P14="Muy Alta",R14="Leve"),AND(P14="Muy Alta",R14="Menor"),AND(P14="Muy Alta",R14="Moderado"),AND(P14="Muy Alta",R14="Mayor")),"Alto",IF(OR(AND(P14="Muy Baja",R14="Catastrófico"),AND(P14="Baja",R14="Catastrófico"),AND(P14="Media",R14="Catastrófico"),AND(P14="Alta",R14="Catastrófico"),AND(P14="Muy Alta",R14="Catastrófico")),"Extremo","")))),"") -> Bajo | T14: Aceptar
A15: 3 | B15: =IF(A15="","",VLOOKUP(A15,'Mapa inherente'!$A$10:$E$15,5,FALSE)) -> Posibilidad de afectación economico y reputacional por presupuesto insuficiente para la ejecución total del Plan Operativo Anual | C15: =IF(A15="","",VLOOKUP(A15,'Mapa inherente'!$A$10:$N$15,14,FALSE)) -> Moderado | D15: =IF(B15="","",IF(B15=B14,D14+1,1)) -> 1 | E15: El líder del proceso elaborará y remitirá anualmente el presupuesto del proceso a la dependencia correspondiente, para evidenciar la necesidad de la totalidad de recursos para implementar las actividades planeadas. Luego sustentara en el Comite de presupuesto la necesidad de que se otorgue presupuesto segun lo proyectado. | F15: Semestral | G15: Comunicaciones Internas, Correos electronicos | H15: Preventivo | I15: Manual | J15: Documentado | K15: Continua | L15: Con Registro | M15: =IF(AND(H15="Preventivo",I15="Automático"),"50%",IF(AND(H15="Preventivo",I15="Manual"),"40%",IF(AND(H15="Detectivo",I15="Automático"),"40%",IF(AND(H15="Detectivo",I15="Manual"),"30%",IF(AND(H15="Correctivo",I15="Automático"),"35%",IF(AND(H15="Correctivo",I15="Manual"),"25%","")))))) -> 40% | N15: =IF(OR(H15="Preventivo",H15="Detectivo"),"Probabilidad",IF(H15="Correctivo","Impacto","")) -> Probabilidad | O15: =IF(A15="","",IF(D15=1,IFERROR(IF(N15="Probabilidad",(VLOOKUP(A15,'Mapa inherente'!$A$10:$M$15,9,FALSE)-(VLOOKUP(A15,'Mapa inherente'!$A$10:$M$15,9,FALSE)*M15)),IF(N15="Impacto",VLOOKUP(A15,'Mapa inherente'!$A$10:$M$15,9,FALSE),"")),""), IFERROR(IF(N15="Probabilidad",(O14-(O14)*M15),O14),""))) -> 0.12 | P15: =IFERROR(IF(O15="","",IF(O15<=0.2,"Muy Baja",IF(O15<=0.4,"Baja",IF(O15<=0.6,"Media",IF(O15<=0.8,"Alta","Muy Alta"))))),"") -> Muy Baja | Q15: =IF(A15="","",IF(D15=1,IFERROR(IF(N15="Impacto",(VLOOKUP(A15,'Mapa inherente'!$A$10:$M$15,13,FALSE)-(VLOOKUP(A15,'Mapa inherente'!$A$10:$M$15,13,FALSE)*M15)),IF(N15="Probabilidad",VLOOKUP(A15,'Mapa inherente'!$A$10:$M$15,13,FALSE),"")),""), IFERROR(IF(N15="Impacto",(Q14-(Q14)*M15),Q14),""))) -> 0.6 | R15: =IFERROR(IF(Q15="","",IF(Q15<=0.2,"Leve",IF(Q15<=0.4,"Menor",IF(Q15<=0.6,"Moderado",IF(Q15<=0.8,"Mayor","Catastrófico"))))),"") -> Moderado | S15: =IFERROR(IF(OR(AND(P15="Muy Baja",R15="Leve"),AND(P15="Muy Baja",R15="Menor"),AND(P15="Baja",R15="Leve")),"Bajo",IF(OR(AND(P15="Muy baja",R15="Moderado"),AND(P15="Baja",R15="Menor"),AND(P15="Baja",R15="Moderado"),AND(P15="Media",R15="Leve"),AND(P15="Media",R15="Menor"),AND(P15="Media",R15="Moderado"),AND(P15="Alta",R15="Leve"),AND(P15="Alta",R15="Menor")),"Moderado",IF(OR(AND(P15="Muy Baja",R15="Mayor"),AND(P15="Baja",R15="Mayor"),AND(P15="Media",R15="Mayor"),AND(P15="Alta",R15="Moderado"),AND(P15="Alta",R15="Mayor"),AND(P15="Muy Alta",R15="Leve"),AND(P15="Muy Alta",R15="Menor"),AND(P15="Muy Alta",R15="Moderado"),AND(P15="Muy Alta",R15="Mayor")),"Alto",IF(OR(AND(P15="Muy Baja",R15="Catastrófico"),AND(P15="Baja",R15="Catastrófico"),AND(P15="Media",R15="Catastrófico"),AND(P15="Alta",R15="Catastrófico"),AND(P15="Muy Alta",R15="Catastrófico")),"Extremo","")))),"") -> Moderado | T15: Reducir (mitigar)
A16: 3 | B16: =IF(A16="","",VLOOKUP(A16,'Mapa inherente'!$A$10:$E$15,5,FALSE)) -> Posibilidad de afectación economico y reputacional por presupuesto insuficiente para la ejecución total del Plan Operativo Anual | C16: =IF(A16="","",VLOOKUP(A16,'Mapa inherente'!$A$10:$N$15,14,FALSE)) -> Moderado | D16: =IF(B16="","",IF(B16=B15,D15+1,1)) -> 2 | E16: En caso de no ser aprobado en su totalidad el presupuesto proyectado por Bienestar, el lider solicitara adicion presupuestal para culminar la vigencia y cumplir con lo establecido en el POA del proceso. | F16: Semestral | G16: Comunicaciones Internas, Correos electronicos | H16: Preventivo | I16: Manual | J16: Documentado | K16: Continua | L16: Con Registro | M16: =IF(AND(H16="Preventivo",I16="Automático"),"50%",IF(AND(H16="Preventivo",I16="Manual"),"40%",IF(AND(H16="Detectivo",I16="Automático"),"40%",IF(AND(H16="Detectivo",I16="Manual"),"30%",IF(AND(H16="Correctivo",I16="Automático"),"35%",IF(AND(H16="Correctivo",I16="Manual"),"25%","")))))) -> 40% | N16: =IF(OR(H16="Preventivo",H16="Detectivo"),"Probabilidad",IF(H16="Correctivo","Impacto","")) -> Probabilidad | O16: =IF(A16="","",IF(D16=1,IFERROR(IF(N16="Probabilidad",(VLOOKUP(A16,'Mapa inherente'!$A$10:$M$15,9,FALSE)-(VLOOKUP(A16,'Mapa inherente'!$A$10:$M$15,9,FALSE)*M16)),IF(N16="Impacto",VLOOKUP(A16,'Mapa inherente'!$A$10:$M$15,9,FALSE),"")),""), IFERROR(IF(N16="Probabilidad",(O15-(O15)*M16),O15),""))) -> 0.072 | P16: =IFERROR(IF(O16="","",IF(O16<=0.2,"Muy Baja",IF(O16<=0.4,"Baja",IF(O16<=0.6,"Media",IF(O16<=0.8,"Alta","Muy Alta"))))),"") -> Muy Baja | Q16: =IF(A16="","",IF(D16=1,IFERROR(IF(N16="Impacto",(VLOOKUP(A16,'Mapa inherente'!$A$10:$M$15,13,FALSE)-(VLOOKUP(A16,'Mapa inherente'!$A$10:$M$15,13,FALSE)*M16)),IF(N16="Probabilidad",VLOOKUP(A16,'Mapa inherente'!$A$10:$M$15,13,FALSE),"")),""), IFERROR(IF(N16="Impacto",(Q15-(Q15)*M16),Q15),""))) -> 0.6 | R16: =IFERROR(IF(Q16="","",IF(Q16<=0.2,"Leve",IF(Q16<=0.4,"Menor",IF(Q16<=0.6,"Moderado",IF(Q16<=0.8,"Mayor","Catastrófico"))))),"") -> Moderado | S16: =IFERROR(IF(OR(AND(P16="Muy Baja",R16="Leve"),AND(P16="Muy Baja",R16="Menor"),AND(P16="Baja",R16="Leve")),"Bajo",IF(OR(AND(P16="Muy baja",R16="Moderado"),AND(P16="Baja",R16="Menor"),AND(P16="Baja",R16="Moderado"),AND(P16="Media",R16="Leve"),AND(P16="Media",R16="Menor"),AND(P16="Media",R16="Moderado"),AND(P16="Alta",R16="Leve"),AND(P16="Alta",R16="Menor")),"Moderado",IF(OR(AND(P16="Muy Baja",R16="Mayor"),AND(P16="Baja",R16="Mayor"),AND(P16="Media",R16="Mayor"),AND(P16="Alta",R16="Moderado"),AND(P16="Alta",R16="Mayor"),AND(P16="Muy Alta",R16="Leve"),AND(P16="Muy Alta",R16="Menor"),AND(P16="Muy Alta",R16="Moderado"),AND(P16="Muy Alta",R16="Mayor")),"Alto",IF(OR(AND(P16="Muy Baja",R16="Catastrófico"),AND(P16="Baja",R16="Catastrófico"),AND(P16="Media",R16="Catastrófico"),AND(P16="Alta",R16="Catastrófico"),AND(P16="Muy Alta",R16="Catastrófico")),"Extremo","")))),"") -> Moderado | T16: Aceptar
A17: 4 | B17: =IF(A17="","",VLOOKUP(A17,'Mapa inherente'!$A$10:$E$15,5,FALSE)) -> Posibilidad de afectación reputacional por adelantar tramites que beneficien a su solicitante (estudiantes, docentes y administrativos) sin el cumplimento de los requisitos establecidos para ello, por tráfico de influencia, Amiguismo y/o clientelismo | C17: =IF(A17="","",VLOOKUP(A17,'Mapa inherente'!$A$10:$N$15,14,FALSE)) -> Bajo | D17: =IF(B17="","",IF(B17=B16,D16+1,1)) -> 1 | E17: Revisión del cumplimiento de los requisitos en las solicitudes, inicialmente por la profesional responsable del área | F17: Semestral | G17: Lista de Chequeo en formato FGBI-069 Formulario de Inscripción a los servicios de Promoción Social, firmado por el estudiante y el profesional responsable del área | H17: Preventivo | I17: Manual | J17: Documentado | K17: Continua | L17: Con Registro | M17: =IF(AND(H17="Preventivo",I17="Automático"),"50%",IF(AND(H17="Preventivo",I17="Manual"),"40%",IF(AND(H17="Detectivo",I17="Automático"),"40%",IF(AND(H17="Detectivo",I17="Manual"),"30%",IF(AND(H17="Correctivo",I17="Automático"),"35%",IF(AND(H17="Correctivo",I17="Manual"),"25%","")))))) -> 40% | N17: =IF(OR(H17="Preventivo",H17="Detectivo"),"Probabilidad",IF(H17="Correctivo","Impacto","")) -> Probabilidad | O17: =IF(A17="","",IF(D17=1,IFERROR(IF(N17="Probabilidad",(VLOOKUP(A17,'Mapa inherente'!$A$10:$M$15,9,FALSE)-(VLOOKUP(A17,'Mapa inherente'!$A$10:$M$15,9,FALSE)*M17)),IF(N17="Impacto",VLOOKUP(A17,'Mapa inherente'!$A$10:$M$15,9,FALSE),"")),""), IFERROR(IF(N17="Probabilidad",(O16-(O16)*M17),O16),""))) -> 0.24 | P17: =IFERROR(IF(O17="","",IF(O17<=0.2,"Muy Baja",IF(O17<=0.4,"Baja",IF(O17<=0.6,"Media",IF(O17<=0.8,"Alta","Muy Alta"))))),"") -> Baja | Q17: =IF(A17="","",IF(D17=1,IFERROR(IF(N17="Impacto",(VLOOKUP(A17,'Mapa inherente'!$A$10:$M$15,13,FALSE)-(VLOOKUP(A17,'Mapa inherente'!$A$10:$M$15,13,FALSE)*M17)),IF(N17="Probabilidad",VLOOKUP(A17,'Mapa inherente'!$A$10:$M$15,13,FALSE),"")),""), IFERROR(IF(N17="Impacto",(Q16-(Q16)*M17),Q16),""))) -> 0.2 | R17: =IFERROR(IF(Q17="","",IF(Q17<=0.2,"Leve",IF(Q17<=0.4,"Menor",IF(Q17<=0.6,"Moderado",IF(Q17<=0.8,"Mayor","Catastrófico"))))),"") -> Leve | S17: =IFERROR(IF(OR(AND(P17="Muy Baja",R17="Leve"),AND(P17="Muy Baja",R17="Menor"),AND(P17="Baja",R17="Leve")),"Bajo",IF(OR(AND(P17="Muy baja",R17="Moderado"),AND(P17="Baja",R17="Menor"),AND(P17="Baja",R17="Moderado"),AND(P17="Media",R17="Leve"),AND(P17="Media",R17="Menor"),AND(P17="Media",R17="Moderado"),AND(P17="Alta",R17="Leve"),AND(P17="Alta",R17="Menor")),"Moderado",IF(OR(AND(P17="Muy Baja",R17="Mayor"),AND(P17="Baja",R17="Mayor"),AND(P17="Media",R17="Mayor"),AND(P17="Alta",R17="Moderado"),AND(P17="Alta",R17="Mayor"),AND(P17="Muy Alta",R17="Leve"),AND(P17="Muy Alta",R17="Menor"),AND(P17="Muy Alta",R17="Moderado"),AND(P17="Muy Alta",R17="Mayor")),"Alto",IF(OR(AND(P17="Muy Baja",R17="Catastrófico"),AND(P17="Baja",R17="Catastrófico"),AND(P17="Media",R17="Catastrófico"),AND(P17="Alta",R17="Catastrófico"),AND(P17="Muy Alta",R17="Catastrófico")),"Extremo","")))),"") -> Bajo | T17: Reducir (mitigar)
A18: 4 | B18: =IF(A18="","",VLOOKUP(A18,'Mapa inherente'!$A$10:$E$15,5,FALSE)) -> Posibilidad de afectación reputacional por adelantar tramites que beneficien a su solicitante (estudiantes, docentes y administrativos) sin el cumplimento de los requisitos establecidos para ello, por tráfico de influencia, Amiguismo y/o clientelismo | C18: =IF(A18="","",VLOOKUP(A18,'Mapa inherente'!$A$10:$N$15,14,FALSE)) -> Bajo | D18: =IF(B18="","",IF(B18=B17,D17+1,1)) -> 2 | E18: Verificación del cumplimiento de requisitos de los solcitantes y selección de los beneficiados por el comité de Bienestar | F18: Semestral | G18: Acta de Comité de Bienestar | H18: Preventivo | I18: Manual | J18: Documentado | K18: Continua | L18: Con Registro | M18: =IF(AND(H18="Preventivo",I18="Automático"),"50%",IF(AND(H18="Preventivo",I18="Manual"),"40%",IF(AND(H18="Detectivo",I18="Automático"),"40%",IF(AND(H18="Detectivo",I18="Manual"),"30%",IF(AND(H18="Correctivo",I18="Automático"),"35%",IF(AND(H18="Correctivo",I18="Manual"),"25%","")))))) -> 40% | N18: =IF(OR(H18="Preventivo",H18="Detectivo"),"Probabilidad",IF(H18="Correctivo","Impacto","")) -> Probabilidad | O18: =IF(A18="","",IF(D18=1,IFERROR(IF(N18="Probabilidad",(VLOOKUP(A18,'Mapa inherente'!$A$10:$M$15,9,FALSE)-(VLOOKUP(A18,'Mapa inherente'!$A$10:$M$15,9,FALSE)*M18)),IF(N18="Impacto",VLOOKUP(A18,'Mapa inherente'!$A$10:$M$15,9,FALSE),"")),""), IFERROR(IF(N18="Probabilidad",(O17-(O17)*M18),O17),""))) -> 0.144 | P18: =IFERROR(IF(O18="","",IF(O18<=0.2,"Muy Baja",IF(O18<=0.4,"Baja",IF(O18<=0.6,"Media",IF(O18<=0.8,"Alta","Muy Alta"))))),"") -> Muy Baja | Q18: =IF(A18="","",IF(D18=1,IFERROR(IF(N18="Impacto",(VLOOKUP(A18,'Mapa inherente'!$A$10:$M$15,13,FALSE)-(VLOOKUP(A18,'Mapa inherente'!$A$10:$M$15,13,FALSE)*M18)),IF(N18="Probabilidad",VLOOKUP(A18,'Mapa inherente'!$A$10:$M$15,13,FALSE),"")),""), IFERROR(IF(N18="Impacto",(Q17-(Q17)*M18),Q17),""))) -> 0.2 | R18: =IFERROR(IF(Q18="","",IF(Q18<=0.2,"Leve",IF(Q18<=0.4,"Menor",IF(Q18<=0.6,"Moderado",IF(Q18<=0.8,"Mayor","Catastrófico"))))),"") -> Leve | S18: =IFERROR(IF(OR(AND(P18="Muy Baja",R18="Leve"),AND(P18="Muy Baja",R18="Menor"),AND(P18="Baja",R18="Leve")),"Bajo",IF(OR(AND(P18="Muy baja",R18="Moderado"),AND(P18="Baja",R18="Menor"),AND(P18="Baja",R18="Moderado"),AND(P18="Media",R18="Leve"),AND(P18="Media",R18="Menor"),AND(P18="Media",R18="Moderado"),AND(P18="Alta",R18="Leve"),AND(P18="Alta",R18="Menor")),"Moderado",IF(OR(AND(P18="Muy Baja",R18="Mayor"),AND(P18="Baja",R18="Mayor"),AND(P18="Media",R18="Mayor"),AND(P18="Alta",R18="Moderado"),AND(P18="Alta",R18="Mayor"),AND(P18="Muy Alta",R18="Leve"),AND(P18="Muy Alta",R18="Menor"),AND(P18="Muy Alta",R18="Moderado"),AND(P18="Muy Alta",R18="Mayor")),"Alto",IF(OR(AND(P18="Muy Baja",R18="Catastrófico"),AND(P18="Baja",R18="Catastrófico"),AND(P18="Media",R18="Catastrófico"),AND(P18="Alta",R18="Catastrófico"),AND(P18="Muy Alta",R18="Catastrófico")),"Extremo","")))),"") -> Bajo | T18: Reducir (mitigar)
A19: 4 | B19: =IF(A19="","",VLOOKUP(A19,'Mapa inherente'!$A$10:$E$15,5,FALSE)) -> Posibilidad de afectación reputacional por adelantar tramites que beneficien a su solicitante (estudiantes, docentes y administrativos) sin el cumplimento de los requisitos establecidos para ello, por tráfico de influencia, Amiguismo y/o clientelismo | C19: =IF(A19="","",VLOOKUP(A19,'Mapa inherente'!$A$10:$N$15,14,FALSE)) -> Bajo | D19: =IF(B19="","",IF(B19=B18,D18+1,1)) -> 3 | E19: En caso de materializarse el riesgo, se le suspende el servicio al estudiante y se traslada informe del caso a control interno | F19: Semestral | G19: Informe enviado por correo electronico a control interno | H19: Correctivo | I19: Manual | J19: Documentado | K19: Continua | L19: Con Registro | M19: =IF(AND(H19="Preventivo",I19="Automático"),"50%",IF(AND(H19="Preventivo",I19="Manual"),"40%",IF(AND(H19="Detectivo",I19="Automático"),"40%",IF(AND(H19="Detectivo",I19="Manual"),"30%",IF(AND(H19="Correctivo",I19="Automático"),"35%",IF(AND(H19="Correctivo",I19="Manual"),"25%","")))))) -> 25% | N19: =IF(OR(H19="Preventivo",H19="Detectivo"),"Probabilidad",IF(H19="Correctivo","Impacto","")) -> Impacto | O19: =IF(A19="","",IF(D19=1,IFERROR(IF(N19="Probabilidad",(VLOOKUP(A19,'Mapa inherente'!$A$10:$M$15,9,FALSE)-(VLOOKUP(A19,'Mapa inherente'!$A$10:$M$15,9,FALSE)*M19)),IF(N19="Impacto",VLOOKUP(A19,'Mapa inherente'!$A$10:$M$15,9,FALSE),"")),""), IFERROR(IF(N19="Probabilidad",(O18-(O18)*M19),O18),""))) -> 0.144 | P19: =IFERROR(IF(O19="","",IF(O19<=0.2,"Muy Baja",IF(O19<=0.4,"Baja",IF(O19<=0.6,"Media",IF(O19<=0.8,"Alta","Muy Alta"))))),"") -> Muy Baja | Q19: =IF(A19="","",IF(D19=1,IFERROR(IF(N19="Impacto",(VLOOKUP(A19,'Mapa inherente'!$A$10:$M$15,13,FALSE)-(VLOOKUP(A19,'Mapa inherente'!$A$10:$M$15,13,FALSE)*M19)),IF(N19="Probabilidad",VLOOKUP(A19,'Mapa inherente'!$A$10:$M$15,13,FALSE),"")),""), IFERROR(IF(N19="Impacto",(Q18-(Q18)*M19),Q18),""))) -> 0.15 | R19: =IFERROR(IF(Q19="","",IF(Q19<=0.2,"Leve",IF(Q19<=0.4,"Menor",IF(Q19<=0.6,"Moderado",IF(Q19<=0.8,"Mayor","Catastrófico"))))),"") -> Leve | S19: =IFERROR(IF(OR(AND(P19="Muy Baja",R19="Leve"),AND(P19="Muy Baja",R19="Menor"),AND(P19="Baja",R19="Leve")),"Bajo",IF(OR(AND(P19="Muy baja",R19="Moderado"),AND(P19="Baja",R19="Menor"),AND(P19="Baja",R19="Moderado"),AND(P19="Media",R19="Leve"),AND(P19="Media",R19="Menor"),AND(P19="Media",R19="Moderado"),AND(P19="Alta",R19="Leve"),AND(P19="Alta",R19="Menor")),"Moderado",IF(OR(AND(P19="Muy Baja",R19="Mayor"),AND(P19="Baja",R19="Mayor"),AND(P19="Media",R19="Mayor"),AND(P19="Alta",R19="Moderado"),AND(P19="Alta",R19="Mayor"),AND(P19="Muy Alta",R19="Leve"),AND(P19="Muy Alta",R19="Menor"),AND(P19="Muy Alta",R19="Moderado"),AND(P19="Muy Alta",R19="Mayor")),"Alto",IF(OR(AND(P19="Muy Baja",R19="Catastrófico"),AND(P19="Baja",R19="Catastrófico"),AND(P19="Media",R19="Catastrófico"),AND(P19="Alta",R19="Catastrófico"),AND(P19="Muy Alta",R19="Catastrófico")),"Extremo","")))),"") -> Bajo | T19: Aceptar
A20: 5 | B20: =IF(A20="","",VLOOKUP(A20,'Mapa inherente'!$A$10:$E$15,5,FALSE)) -> Posibilidad de afectación Económico y Reputacional por la apropiación, uso o aplicación indebida de los equipos y elementos de las áreas Culturales, artísticas y deportivas, por parte de los funcionarios públicos encargados de su administración, manejo y/o custodia, en beneficio propio, favorecimiento a terceros o asuntos no institucionales por Extralimitación de funciones y falta de controles para asegurar el correcto uso de los equipos y elementos de las áreas Culturales, artísticas y deportivas | C20: =IF(A20="","",VLOOKUP(A20,'Mapa inherente'!$A$10:$N$15,14,FALSE)) -> Moderado | D20: =IF(B20="","",IF(B20=B19,D19+1,1)) -> 1 | E20: Para el área de deportes: se tramita el formato FGBI- 088 FORMATO DE ENTREGA DE IMPLEMENTOS DEPORTIVOS, una vez finalizado el semestre se tramita el formato FGFI-097 FORMATO DE SOLICITUD DE DESCARGA DE BIENES. Para el Área de Cultura: Se diligenciara formato para entrega de elementos e instrumentos a los instructores del área y se llevara el inventario semestral | F20: Semestral | G20: Formatos: FGBI-088 FGFI-097 Nuevo Formato de cultura Inventario de cultura | H20: Preventivo | I20: Manual | J20: Documentado | K20: Continua | L20: Con Registro | M20: =IF(AND(H20="Preventivo",I20="Automático"),"50%",IF(AND(H20="Preventivo",I20="Manual"),"40%",IF(AND(H20="Detectivo",I20="Automático"),"40%",IF(AND(H20="Detectivo",I20="Manual"),"30%",IF(AND(H20="Correctivo",I20="Automático"),"35%",IF(AND(H20="Correctivo",I20="Manual"),"25%","")))))) -> 40% | N20: =IF(OR(H20="Preventivo",H20="Detectivo"),"Probabilidad",IF(H20="Correctivo","Impacto","")) -> Probabilidad | O20: =IF(A20="","",IF(D20=1,IFERROR(IF(N20="Probabilidad",(VLOOKUP(A20,'Mapa inherente'!$A$10:$M$15,9,FALSE)-(VLOOKUP(A20,'Mapa inherente'!$A$10:$M$15,9,FALSE)*M20)),IF(N20="Impacto",VLOOKUP(A20,'Mapa inherente'!$A$10:$M$15,9,FALSE),"")),""), IFERROR(IF(N20="Probabilidad",(O19-(O19)*M20),O19),""))) -> 0.36 | P20: =IFERROR(IF(O20="","",IF(O20<=0.2,"Muy Baja",IF(O20<=0.4,"Baja",IF(O20<=0.6,"Media",IF(O20<=0.8,"Alta","Muy Alta"))))),"") -> Baja | Q20: =IF(A20="","",IF(D20=1,IFERROR(IF(N20="Impacto",(VLOOKUP(A20,'Mapa inherente'!$A$10:$M$15,13,FALSE)-(VLOOKUP(A20,'Mapa inherente'!$A$10:$M$15,13,FALSE)*M20)),IF(N20="Probabilidad",VLOOKUP(A20,'Mapa inherente'!$A$10:$M$15,13,FALSE),"")),""), IFERROR(IF(N20="Impacto",(Q19-(Q19)*M20),Q19),""))) -> 0.6 | R20: =IFERROR(IF(Q20="","",IF(Q20<=0.2,"Leve",IF(Q20<=0.4,"Menor",IF(Q20<=0.6,"Moderado",IF(Q20<=0.8,"Mayor","Catastrófico"))))),"") -> Moderado | S20: =IFERROR(IF(OR(AND(P20="Muy Baja",R20="Leve"),AND(P20="Muy Baja",R20="Menor"),AND(P20="Baja",R20="Leve")),"Bajo",IF(OR(AND(P20="Muy baja",R20="Moderado"),AND(P20="Baja",R20="Menor"),AND(P20="Baja",R20="Moderado"),AND(P20="Media",R20="Leve"),AND(P20="Media",R20="Menor"),AND(P20="Media",R20="Moderado"),AND(P20="Alta",R20="Leve"),AND(P20="Alta",R20="Menor")),"Moderado",IF(OR(AND(P20="Muy Baja",R20="Mayor"),AND(P20="Baja",R20="Mayor"),AND(P20="Media",R20="Mayor"),AND(P20="Alta",R20="Moderado"),AND(P20="Alta",R20="Mayor"),AND(P20="Muy Alta",R20="Leve"),AND(P20="Muy Alta",R20="Menor"),AND(P20="Muy Alta",R20="Moderado"),AND(P20="Muy Alta",R20="Mayor")),"Alto",IF(OR(AND(P20="Muy Baja",R20="Catastrófico"),AND(P20="Baja",R20="Catastrófico"),AND(P20="Media",R20="Catastrófico"),AND(P20="Alta",R20="Catastrófico"),AND(P20="Muy Alta",R20="Catastrófico")),"Extremo","")))),"") -> Moderado | T20: Reducir (mitigar)
A21: 5 | B21: =IF(A21="","",VLOOKUP(A21,'Mapa inherente'!$A$10:$E$15,5,FALSE)) -> Posibilidad de afectación Económico y Reputacional por la apropiación, uso o aplicación indebida de los equipos y elementos de las áreas Culturales, artísticas y deportivas, por parte de los funcionarios públicos encargados de su administración, manejo y/o custodia, en beneficio propio, favorecimiento a terceros o asuntos no institucionales por Extralimitación de funciones y falta de controles para asegurar el correcto uso de los equipos y elementos de las áreas Culturales, artísticas y deportivas | C21: =IF(A21="","",VLOOKUP(A21,'Mapa inherente'!$A$10:$N$15,14,FALSE)) -> Moderado | D21: =IF(B21="","",IF(B21=B20,D20+1,1)) -> 2 | E21: En caso de materializarse el riesgo, se traslada informe de la situación a almacen cuando se de la perdida del activo y a control interno en los casos que solo se tenga que reportar la salida no autorizada de los activos del área. | F21: Semestral | G21: Informe que se remite a almacen y a control interno | H21: Correctivo | I21: Manual | J21: Documentado | K21: Continua | L21: Con Registro | M21: =IF(AND(H21="Preventivo",I21="Automático"),"50%",IF(AND(H21="Preventivo",I21="Manual"),"40%",IF(AND(H21="Detectivo",I21="Automático"),"40%",IF(AND(H21="Detectivo",I21="Manual"),"30%",IF(AND(H21="Correctivo",I21="Automático"),"35%",IF(AND(H21="Correctivo",I21="Manual"),"25%","")))))) -> 25% | N21: =IF(OR(H21="Preventivo",H21="Detectivo"),"Probabilidad",IF(H21="Correctivo","Impacto","")) -> Impacto | O21: =IF(A21="","",IF(D21=1,IFERROR(IF(N21="Probabilidad",(VLOOKUP(A21,'Mapa inherente'!$A$10:$M$15,9,FALSE)-(VLOOKUP(A21,'Mapa inherente'!$A$10:$M$15,9,FALSE)*M21)),IF(N21="Impacto",VLOOKUP(A21,'Mapa inherente'!$A$10:$M$15,9,FALSE),"")),""), IFERROR(IF(N21="Probabilidad",(O20-(O20)*M21),O20),""))) -> 0.36 | P21: =IFERROR(IF(O21="","",IF(O21<=0.2,"Muy Baja",IF(O21<=0.4,"Baja",IF(O21<=0.6,"Media",IF(O21<=0.8,"Alta","Muy Alta"))))),"") -> Baja | Q21: =IF(A21="","",IF(D21=1,IFERROR(IF(N21="Impacto",(VLOOKUP(A21,'Mapa inherente'!$A$10:$M$15,13,FALSE)-(VLOOKUP(A21,'Mapa inherente'!$A$10:$M$15,13,FALSE)*M21)),IF(N21="Probabilidad",VLOOKUP(A21,'Mapa inherente'!$A$10:$M$15,13,FALSE),"")),""), IFERROR(IF(N21="Impacto",(Q20-(Q20)*M21),Q20),""))) -> 0.45 | R21: =IFERROR(IF(Q21="","",IF(Q21<=0.2,"Leve",IF(Q21<=0.4,"Menor",IF(Q21<=0.6,"Moderado",IF(Q21<=0.8,"Mayor","Catastrófico"))))),"") -> Moderado | S21: =IFERROR(IF(OR(AND(P21="Muy Baja",R21="Leve"),AND(P21="Muy Baja",R21="Menor"),AND(P21="Baja",R21="Leve")),"Bajo",IF(OR(AND(P21="Muy baja",R21="Moderado"),AND(P21="Baja",R21="Menor"),AND(P21="Baja",R21="Moderado"),AND(P21="Media",R21="Leve"),AND(P21="Media",R21="Menor"),AND(P21="Media",R21="Moderado"),AND(P21="Alta",R21="Leve"),AND(P21="Alta",R21="Menor")),"Moderado",IF(OR(AND(P21="Muy Baja",R21="Mayor"),AND(P21="Baja",R21="Mayor"),AND(P21="Media",R21="Mayor"),AND(P21="Alta",R21="Moderado"),AND(P21="Alta",R21="Mayor"),AND(P21="Muy Alta",R21="Leve"),AND(P21="Muy Alta",R21="Menor"),AND(P21="Muy Alta",R21="Moderado"),AND(P21="Muy Alta",R21="Mayor")),"Alto",IF(OR(AND(P21="Muy Baja",R21="Catastrófico"),AND(P21="Baja",R21="Catastrófico"),AND(P21="Media",R21="Catastrófico"),AND(P21="Alta",R21="Catastrófico"),AND(P21="Muy Alta",R21="Catastrófico")),"Extremo","")))),"") -> Moderado | T21: Aceptar
A22: 6 | B22: =IF(A22="","",VLOOKUP(A22,'Mapa inherente'!$A$10:$E$15,5,FALSE)) -> Posibilidad de afectación Económico y Reputacional por la emisión de recibido a satisfacción de un bien y/o un servicio sin el cumplimiento de las condiciones pactadas para un beneficio particular ,debido al tráfico de influencia, Amiguismo, clientelismo y/o soborno | C22: =IF(A22="","",VLOOKUP(A22,'Mapa inherente'!$A$10:$N$15,14,FALSE)) -> Extremo | D22: =IF(B22="","",IF(B22=B21,D21+1,1)) -> 1 | E22: Cada profesional de área elabora los informes preliminares de cada contrato para la elaboación final de los informes de interventoria de los contratos | F22: Mensual | G22: Informes preliminares de cada contrato por área | H22: Preventivo | I22: Manual | J22: Documentado | K22: Continua | L22: Con Registro | M22: =IF(AND(H22="Preventivo",I22="Automático"),"50%",IF(AND(H22="Preventivo",I22="Manual"),"40%",IF(AND(H22="Detectivo",I22="Automático"),"40%",IF(AND(H22="Detectivo",I22="Manual"),"30%",IF(AND(H22="Correctivo",I22="Automático"),"35%",IF(AND(H22="Correctivo",I22="Manual"),"25%","")))))) -> 40% | N22: =IF(OR(H22="Preventivo",H22="Detectivo"),"Probabilidad",IF(H22="Correctivo","Impacto","")) -> Probabilidad | O22: =IF(A22="","",IF(D22=1,IFERROR(IF(N22="Probabilidad",(VLOOKUP(A22,'Mapa inherente'!$A$10:$M$15,9,FALSE)-(VLOOKUP(A22,'Mapa inherente'!$A$10:$M$15,9,FALSE)*M22)),IF(N22="Impacto",VLOOKUP(A22,'Mapa inherente'!$A$10:$M$15,9,FALSE),"")),""), IFERROR(IF(N22="Probabilidad",(O21-(O21)*M22),O21),""))) -> 0.24 | P22: =IFERROR(IF(O22="","",IF(O22<=0.2,"Muy Baja",IF(O22<=0.4,"Baja",IF(O22<=0.6,"Media",IF(O22<=0.8,"Alta","Muy Alta"))))),"") -> Baja | Q22: =IF(A22="","",IF(D22=1,IFERROR(IF(N22="Impacto",(VLOOKUP(A22,'Mapa inherente'!$A$10:$M$15,13,FALSE)-(VLOOKUP(A22,'Mapa inherente'!$A$10:$M$15,13,FALSE)*M22)),IF(N22="Probabilidad",VLOOKUP(A22,'Mapa inherente'!$A$10:$M$15,13,FALSE),"")),""), IFERROR(IF(N22="Impacto",(Q21-(Q21)*M22),Q21),""))) -> 1 | R22: =IFERROR(IF(Q22="","",IF(Q22<=0.2,"Leve",IF(Q22<=0.4,"Menor",IF(Q22<=0.6,"Moderado",IF(Q22<=0.8,"Mayor","Catastrófico"))))),"") -> Catastrófico | S22: =IFERROR(IF(OR(AND(P22="Muy Baja",R22="Leve"),AND(P22="Muy Baja",R22="Menor"),AND(P22="Baja",R22="Leve")),"Bajo",IF(OR(AND(P22="Muy baja",R22="Moderado"),AND(P22="Baja",R22="Menor"),AND(P22="Baja",R22="Moderado"),AND(P22="Media",R22="Leve"),AND(P22="Media",R22="Menor"),AND(P22="Media",R22="Moderado"),AND(P22="Alta",R22="Leve"),AND(P22="Alta",R22="Menor")),"Moderado",IF(OR(AND(P22="Muy Baja",R22="Mayor"),AND(P22="Baja",R22="Mayor"),AND(P22="Media",R22="Mayor"),AND(P22="Alta",R22="Moderado"),AND(P22="Alta",R22="Mayor"),AND(P22="Muy Alta",R22="Leve"),AND(P22="Muy Alta",R22="Menor"),AND(P22="Muy Alta",R22="Moderado"),AND(P22="Muy Alta",R22="Mayor")),"Alto",IF(OR(AND(P22="Muy Baja",R22="Catastrófico"),AND(P22="Baja",R22="Catastrófico"),AND(P22="Media",R22="Catastrófico"),AND(P22="Alta",R22="Catastrófico"),AND(P22="Muy Alta",R22="Catastrófico")),"Extremo","")))),"") -> Extremo | T22: Reducir (mitigar)
A23: 6 | B23: =IF(A23="","",VLOOKUP(A23,'Mapa inherente'!$A$10:$E$15,5,FALSE)) -> Posibilidad de afectación Económico y Reputacional por la emisión de recibido a satisfacción de un bien y/o un servicio sin el cumplimiento de las condiciones pactadas para un beneficio particular ,debido al tráfico de influencia, Amiguismo, clientelismo y/o soborno | C23: =IF(A23="","",VLOOKUP(A23,'Mapa inherente'!$A$10:$N$15,14,FALSE)) -> Extremo | D23: =IF(B23="","",IF(B23=B22,D22+1,1)) -> 2 | E23: Cuando se materializa el riesgo se notifica ala oficina d control interno | F23: Mensual | G23: Notificación escreita a control interno | H23: Correctivo | I23: Manual | J23: Documentado | K23: Continua | L23: Con Registro | M23: =IF(AND(H23="Preventivo",I23="Automático"),"50%",IF(AND(H23="Preventivo",I23="Manual"),"40%",IF(AND(H23="Detectivo",I23="Automático"),"40%",IF(AND(H23="Detectivo",I23="Manual"),"30%",IF(AND(H23="Correctivo",I23="Automático"),"35%",IF(AND(H23="Correctivo",I23="Manual"),"25%","")))))) -> 25% | N23: =IF(OR(H23="Preventivo",H23="Detectivo"),"Probabilidad",IF(H23="Correctivo","Impacto","")) -> Impacto | O23: =IF(A23="","",IF(D23=1,IFERROR(IF(N23="Probabilidad",(VLOOKUP(A23,'Mapa inherente'!$A$10:$M$15,9,FALSE)-(VLOOKUP(A23,'Mapa inherente'!$A$10:$M$15,9,FALSE)*M23)),IF(N23="Impacto",VLOOKUP(A23,'Mapa inherente'!$A$10:$M$15,9,FALSE),"")),""), IFERROR(IF(N23="Probabilidad",(O22-(O22)*M23),O22),""))) -> 0.24 | P23: =IFERROR(IF(O23="","",IF(O23<=0.2,"Muy Baja",IF(O23<=0.4,"Baja",IF(O23<=0.6,"Media",IF(O23<=0.8,"Alta","Muy Alta"))))),"") -> Baja | Q23: =IF(A23="","",IF(D23=1,IFERROR(IF(N23="Impacto",(VLOOKUP(A23,'Mapa inherente'!$A$10:$M$15,13,FALSE)-(VLOOKUP(A23,'Mapa inherente'!$A$10:$M$15,13,FALSE)*M23)),IF(N23="Probabilidad",VLOOKUP(A23,'Mapa inherente'!$A$10:$M$15,13,FALSE),"")),""), IFERROR(IF(N23="Impacto",(Q22-(Q22)*M23),Q22),""))) -> 0.75 | R23: =IFERROR(IF(Q23="","",IF(Q23<=0.2,"Leve",IF(Q23<=0.4,"Menor",IF(Q23<=0.6,"Moderado",IF(Q23<=0.8,"Mayor","Catastrófico"))))),"") -> Mayor | S23: =IFERROR(IF(OR(AND(P23="Muy Baja",R23="Leve"),AND(P23="Muy Baja",R23="Menor"),AND(P23="Baja",R23="Leve")),"Bajo",IF(OR(AND(P23="Muy baja",R23="Moderado"),AND(P23="Baja",R23="Menor"),AND(P23="Baja",R23="Moderado"),AND(P23="Media",R23="Leve"),AND(P23="Media",R23="Menor"),AND(P23="Media",R23="Moderado"),AND(P23="Alta",R23="Leve"),AND(P23="Alta",R23="Menor")),"Moderado",IF(OR(AND(P23="Muy Baja",R23="Mayor"),AND(P23="Baja",R23="Mayor"),AND(P23="Media",R23="Mayor"),AND(P23="Alta",R23="Moderado"),AND(P23="Alta",R23="Mayor"),AND(P23="Muy Alta",R23="Leve"),AND(P23="Muy Alta",R23="Menor"),AND(P23="Muy Alta",R23="Moderado"),AND(P23="Muy Alta",R23="Mayor")),"Alto",IF(OR(AND(P23="Muy Baja",R23="Catastrófico"),AND(P23="Baja",R23="Catastrófico"),AND(P23="Media",R23="Catastrófico"),AND(P23="Alta",R23="Catastrófico"),AND(P23="Muy Alta",R23="Catastrófico")),"Extremo","")))),"") -> Alto | T23: Aceptar
B24: =IF(A24="","",VLOOKUP(A24,'Mapa inherente'!$A$10:$E$15,5,FALSE)) | C24: =IF(A24="","",VLOOKUP(A24,'Mapa inherente'!$A$10:$N$15,14,FALSE)) | D24: =IF(B24="","",IF(B24=B23,D23+1,1)) | M24: =IF(AND(H24="Preventivo",I24="Automático"),"50%",IF(AND(H24="Preventivo",I24="Manual"),"40%",IF(AND(H24="Detectivo",I24="Automático"),"40%",IF(AND(H24="Detectivo",I24="Manual"),"30%",IF(AND(H24="Correctivo",I24="Automático"),"35%",IF(AND(H24="Correctivo",I24="Manual"),"25%","")))))) | N24: =IF(OR(H24="Preventivo",H24="Detectivo"),"Probabilidad",IF(H24="Correctivo","Impacto","")) | O24: =IF(A24="","",IF(D24=1,IFERROR(IF(N24="Probabilidad",(VLOOKUP(A24,'Mapa inherente'!$A$10:$M$15,9,FALSE)-(VLOOKUP(A24,'Mapa inherente'!$A$10:$M$15,9,FALSE)*M24)),IF(N24="Impacto",VLOOKUP(A24,'Mapa inherente'!$A$10:$M$15,9,FALSE),"")),""), IFERROR(IF(N24="Probabilidad",(O23-(O23)*M24),O23),""))) | P24: =IFERROR(IF(O24="","",IF(O24<=0.2,"Muy Baja",IF(O24<=0.4,"Baja",IF(O24<=0.6,"Media",IF(O24<=0.8,"Alta","Muy Alta"))))),"") | Q24: =IF(A24="","",IF(D24=1,IFERROR(IF(N24="Impacto",(VLOOKUP(A24,'Mapa inherente'!$A$10:$M$15,13,FALSE)-(VLOOKUP(A24,'Mapa inherente'!$A$10:$M$15,13,FALSE)*M24)),IF(N24="Probabilidad",VLOOKUP(A24,'Mapa inherente'!$A$10:$M$15,13,FALSE),"")),""), IFERROR(IF(N24="Impacto",(Q23-(Q23)*M24),Q23),""))) | R24: =IFERROR(IF(Q24="","",IF(Q24<=0.2,"Leve",IF(Q24<=0.4,"Menor",IF(Q24<=0.6,"Moderado",IF(Q24<=0.8,"Mayor","Catastrófico"))))),"") | S24: =IFERROR(IF(OR(AND(P24="Muy Baja",R24="Leve"),AND(P24="Muy Baja",R24="Menor"),AND(P24="Baja",R24="Leve")),"Bajo",IF(OR(AND(P24="Muy baja",R24="Moderado"),AND(P24="Baja",R24="Menor"),AND(P24="Baja",R24="Moderado"),AND(P24="Media",R24="Leve"),AND(P24="Media",R24="Menor"),AND(P24="Media",R24="Moderado"),AND(P24="Alta",R24="Leve"),AND(P24="Alta",R24="Menor")),"Moderado",IF(OR(AND(P24="Muy Baja",R24="Mayor"),AND(P24="Baja",R24="Mayor"),AND(P24="Media",R24="Mayor"),AND(P24="Alta",R24="Moderado"),AND(P24="Alta",R24="Mayor"),AND(P24="Muy Alta",R24="Leve"),AND(P24="Muy Alta",R24="Menor"),AND(P24="Muy Alta",R24="Moderado"),AND(P24="Muy Alta",R24="Mayor")),"Alto",IF(OR(AND(P24="Muy Baja",R24="Catastrófico"),AND(P24="Baja",R24="Catastrófico"),AND(P24="Media",R24="Catastrófico"),AND(P24="Alta",R24="Catastrófico"),AND(P24="Muy Alta",R24="Catastrófico")),"Extremo","")))),"")
B25: =IF(A25="","",VLOOKUP(A25,'Mapa inherente'!$A$10:$E$15,5,FALSE)) | C25: =IF(A25="","",VLOOKUP(A25,'Mapa inherente'!$A$10:$N$15,14,FALSE)) | D25: =IF(B25="","",IF(B25=B24,D24+1,1)) | M25: =IF(AND(H25="Preventivo",I25="Automático"),"50%",IF(AND(H25="Preventivo",I25="Manual"),"40%",IF(AND(H25="Detectivo",I25="Automático"),"40%",IF(AND(H25="Detectivo",I25="Manual"),"30%",IF(AND(H25="Correctivo",I25="Automático"),"35%",IF(AND(H25="Correctivo",I25="Manual"),"25%","")))))) | N25: =IF(OR(H25="Preventivo",H25="Detectivo"),"Probabilidad",IF(H25="Correctivo","Impacto","")) | O25: =IF(A25="","",IF(D25=1,IFERROR(IF(N25="Probabilidad",(VLOOKUP(A25,'Mapa inherente'!$A$10:$M$15,9,FALSE)-(VLOOKUP(A25,'Mapa inherente'!$A$10:$M$15,9,FALSE)*M25)),IF(N25="Impacto",VLOOKUP(A25,'Mapa inherente'!$A$10:$M$15,9,FALSE),"")),""), IFERROR(IF(N25="Probabilidad",(O24-(O24)*M25),O24),""))) | P25: =IFERROR(IF(O25="","",IF(O25<=0.2,"Muy Baja",IF(O25<=0.4,"Baja",IF(O25<=0.6,"Media",IF(O25<=0.8,"Alta","Muy Alta"))))),"") | Q25: =IF(A25="","",IF(D25=1,IFERROR(IF(N25="Impacto",(VLOOKUP(A25,'Mapa inherente'!$A$10:$M$15,13,FALSE)-(VLOOKUP(A25,'Mapa inherente'!$A$10:$M$15,13,FALSE)*M25)),IF(N25="Probabilidad",VLOOKUP(A25,'Mapa inherente'!$A$10:$M$15,13,FALSE),"")),""), IFERROR(IF(N25="Impacto",(Q24-(Q24)*M25),Q24),""))) | R25: =IFERROR(IF(Q25="","",IF(Q25<=0.2,"Leve",IF(Q25<=0.4,"Menor",IF(Q25<=0.6,"Moderado",IF(Q25<=0.8,"Mayor","Catastrófico"))))),"") | S25: =IFERROR(IF(OR(AND(P25="Muy Baja",R25="Leve"),AND(P25="Muy Baja",R25="Menor"),AND(P25="Baja",R25="Leve")),"Bajo",IF(OR(AND(P25="Muy baja",R25="Moderado"),AND(P25="Baja",R25="Menor"),AND(P25="Baja",R25="Moderado"),AND(P25="Media",R25="Leve"),AND(P25="Media",R25="Menor"),AND(P25="Media",R25="Moderado"),AND(P25="Alta",R25="Leve"),AND(P25="Alta",R25="Menor")),"Moderado",IF(OR(AND(P25="Muy Baja",R25="Mayor"),AND(P25="Baja",R25="Mayor"),AND(P25="Media",R25="Mayor"),AND(P25="Alta",R25="Moderado"),AND(P25="Alta",R25="Mayor"),AND(P25="Muy Alta",R25="Leve"),AND(P25="Muy Alta",R25="Menor"),AND(P25="Muy Alta",R25="Moderado"),AND(P25="Muy Alta",R25="Mayor")),"Alto",IF(OR(AND(P25="Muy Baja",R25="Catastrófico"),AND(P25="Baja",R25="Catastrófico"),AND(P25="Media",R25="Catastrófico"),AND(P25="Alta",R25="Catastrófico"),AND(P25="Muy Alta",R25="Catastrófico")),"Extremo","")))),"")
B26: =IF(A26="","",VLOOKUP(A26,'Mapa inherente'!$A$10:$E$15,5,FALSE)) | C26: =IF(A26="","",VLOOKUP(A26,'Mapa inherente'!$A$10:$N$15,14,FALSE)) | D26: =IF(B26="","",IF(B26=B25,D25+1,1)) | M26: =IF(AND(H26="Preventivo",I26="Automático"),"50%",IF(AND(H26="Preventivo",I26="Manual"),"40%",IF(AND(H26="Detectivo",I26="Automático"),"40%",IF(AND(H26="Detectivo",I26="Manual"),"30%",IF(AND(H26="Correctivo",I26="Automático"),"35%",IF(AND(H26="Correctivo",I26="Manual"),"25%","")))))) | N26: =IF(OR(H26="Preventivo",H26="Detectivo"),"Probabilidad",IF(H26="Correctivo","Impacto","")) | O26: =IF(A26="","",IF(D26=1,IFERROR(IF(N26="Probabilidad",(VLOOKUP(A26,'Mapa inherente'!$A$10:$M$15,9,FALSE)-(VLOOKUP(A26,'Mapa inherente'!$A$10:$M$15,9,FALSE)*M26)),IF(N26="Impacto",VLOOKUP(A26,'Mapa inherente'!$A$10:$M$15,9,FALSE),"")),""), IFERROR(IF(N26="Probabilidad",(O25-(O25)*M26),O25),""))) | P26: =IFERROR(IF(O26="","",IF(O26<=0.2,"Muy Baja",IF(O26<=0.4,"Baja",IF(O26<=0.6,"Media",IF(O26<=0.8,"Alta","Muy Alta"))))),"") | Q26: =IF(A26="","",IF(D26=1,IFERROR(IF(N26="Impacto",(VLOOKUP(A26,'Mapa inherente'!$A$10:$M$15,13,FALSE)-(VLOOKUP(A26,'Mapa inherente'!$A$10:$M$15,13,FALSE)*M26)),IF(N26="Probabilidad",VLOOKUP(A26,'Mapa inherente'!$A$10:$M$15,13,FALSE),"")),""), IFERROR(IF(N26="Impacto",(Q25-(Q25)*M26),Q25),""))) | R26: =IFERROR(IF(Q26="","",IF(Q26<=0.2,"Leve",IF(Q26<=0.4,"Menor",IF(Q26<=0.6,"Moderado",IF(Q26<=0.8,"Mayor","Catastrófico"))))),"") | S26: =IFERROR(IF(OR(AND(P26="Muy Baja",R26="Leve"),AND(P26="Muy Baja",R26="Menor"),AND(P26="Baja",R26="Leve")),"Bajo",IF(OR(AND(P26="Muy baja",R26="Moderado"),AND(P26="Baja",R26="Menor"),AND(P26="Baja",R26="Moderado"),AND(P26="Media",R26="Leve"),AND(P26="Media",R26="Menor"),AND(P26="Media",R26="Moderado"),AND(P26="Alta",R26="Leve"),AND(P26="Alta",R26="Menor")),"Moderado",IF(OR(AND(P26="Muy Baja",R26="Mayor"),AND(P26="Baja",R26="Mayor"),AND(P26="Media",R26="Mayor"),AND(P26="Alta",R26="Moderado"),AND(P26="Alta",R26="Mayor"),AND(P26="Muy Alta",R26="Leve"),AND(P26="Muy Alta",R26="Menor"),AND(P26="Muy Alta",R26="Moderado"),AND(P26="Muy Alta",R26="Mayor")),"Alto",IF(OR(AND(P26="Muy Baja",R26="Catastrófico"),AND(P26="Baja",R26="Catastrófico"),AND(P26="Media",R26="Catastrófico"),AND(P26="Alta",R26="Catastrófico"),AND(P26="Muy Alta",R26="Catastrófico")),"Extremo","")))),"")
B27: =IF(A27="","",VLOOKUP(A27,'Mapa inherente'!$A$10:$E$15,5,FALSE)) | C27: =IF(A27="","",VLOOKUP(A27,'Mapa inherente'!$A$10:$N$15,14,FALSE)) | D27: =IF(B27="","",IF(B27=B26,D26+1,1)) | M27: =IF(AND(H27="Preventivo",I27="Automático"),"50%",IF(AND(H27="Preventivo",I27="Manual"),"40%",IF(AND(H27="Detectivo",I27="Automático"),"40%",IF(AND(H27="Detectivo",I27="Manual"),"30%",IF(AND(H27="Correctivo",I27="Automático"),"35%",IF(AND(H27="Correctivo",I27="Manual"),"25%","")))))) | N27: =IF(OR(H27="Preventivo",H27="Detectivo"),"Probabilidad",IF(H27="Correctivo","Impacto","")) | O27: =IF(A27="","",IF(D27=1,IFERROR(IF(N27="Probabilidad",(VLOOKUP(A27,'Mapa inherente'!$A$10:$M$15,9,FALSE)-(VLOOKUP(A27,'Mapa inherente'!$A$10:$M$15,9,FALSE)*M27)),IF(N27="Impacto",VLOOKUP(A27,'Mapa inherente'!$A$10:$M$15,9,FALSE),"")),""), IFERROR(IF(N27="Probabilidad",(O26-(O26)*M27),O26),""))) | P27: =IFERROR(IF(O27="","",IF(O27<=0.2,"Muy Baja",IF(O27<=0.4,"Baja",IF(O27<=0.6,"Media",IF(O27<=0.8,"Alta","Muy Alta"))))),"") | Q27: =IF(A27="","",IF(D27=1,IFERROR(IF(N27="Impacto",(VLOOKUP(A27,'Mapa inherente'!$A$10:$M$15,13,FALSE)-(VLOOKUP(A27,'Mapa inherente'!$A$10:$M$15,13,FALSE)*M27)),IF(N27="Probabilidad",VLOOKUP(A27,'Mapa inherente'!$A$10:$M$15,13,FALSE),"")),""), IFERROR(IF(N27="Impacto",(Q26-(Q26)*M27),Q26),""))) | R27: =IFERROR(IF(Q27="","",IF(Q27<=0.2,"Leve",IF(Q27<=0.4,"Menor",IF(Q27<=0.6,"Moderado",IF(Q27<=0.8,"Mayor","Catastrófico"))))),"") | S27: =IFERROR(IF(OR(AND(P27="Muy Baja",R27="Leve"),AND(P27="Muy Baja",R27="Menor"),AND(P27="Baja",R27="Leve")),"Bajo",IF(OR(AND(P27="Muy baja",R27="Moderado"),AND(P27="Baja",R27="Menor"),AND(P27="Baja",R27="Moderado"),AND(P27="Media",R27="Leve"),AND(P27="Media",R27="Menor"),AND(P27="Media",R27="Moderado"),AND(P27="Alta",R27="Leve"),AND(P27="Alta",R27="Menor")),"Moderado",IF(OR(AND(P27="Muy Baja",R27="Mayor"),AND(P27="Baja",R27="Mayor"),AND(P27="Media",R27="Mayor"),AND(P27="Alta",R27="Moderado"),AND(P27="Alta",R27="Mayor"),AND(P27="Muy Alta",R27="Leve"),AND(P27="Muy Alta",R27="Menor"),AND(P27="Muy Alta",R27="Moderado"),AND(P27="Muy Alta",R27="Mayor")),"Alto",IF(OR(AND(P27="Muy Baja",R27="Catastrófico"),AND(P27="Baja",R27="Catastrófico"),AND(P27="Media",R27="Catastrófico"),AND(P27="Alta",R27="Catastrófico"),AND(P27="Muy Alta",R27="Catastrófico")),"Extremo","")))),"")
B28: =IF(A28="","",VLOOKUP(A28,'Mapa inherente'!$A$10:$E$15,5,FALSE)) | C28: =IF(A28="","",VLOOKUP(A28,'Mapa inherente'!$A$10:$N$15,14,FALSE)) | D28: =IF(B28="","",IF(B28=B27,D27+1,1)) | M28: =IF(AND(H28="Preventivo",I28="Automático"),"50%",IF(AND(H28="Preventivo",I28="Manual"),"40%",IF(AND(H28="Detectivo",I28="Automático"),"40%",IF(AND(H28="Detectivo",I28="Manual"),"30%",IF(AND(H28="Correctivo",I28="Automático"),"35%",IF(AND(H28="Correctivo",I28="Manual"),"25%","")))))) | N28: =IF(OR(H28="Preventivo",H28="Detectivo"),"Probabilidad",IF(H28="Correctivo","Impacto","")) | O28: =IF(A28="","",IF(D28=1,IFERROR(IF(N28="Probabilidad",(VLOOKUP(A28,'Mapa inherente'!$A$10:$M$15,9,FALSE)-(VLOOKUP(A28,'Mapa inherente'!$A$10:$M$15,9,FALSE)*M28)),IF(N28="Impacto",VLOOKUP(A28,'Mapa inherente'!$A$10:$M$15,9,FALSE),"")),""), IFERROR(IF(N28="Probabilidad",(O27-(O27)*M28),O27),""))) | P28: =IFERROR(IF(O28="","",IF(O28<=0.2,"Muy Baja",IF(O28<=0.4,"Baja",IF(O28<=0.6,"Media",IF(O28<=0.8,"Alta","Muy Alta"))))),"") | Q28: =IF(A28="","",IF(D28=1,IFERROR(IF(N28="Impacto",(VLOOKUP(A28,'Mapa inherente'!$A$10:$M$15,13,FALSE)-(VLOOKUP(A28,'Mapa inherente'!$A$10:$M$15,13,FALSE)*M28)),IF(N28="Probabilidad",VLOOKUP(A28,'Mapa inherente'!$A$10:$M$15,13,FALSE),"")),""), IFERROR(IF(N28="Impacto",(Q27-(Q27)*M28),Q27),""))) | R28: =IFERROR(IF(Q28="","",IF(Q28<=0.2,"Leve",IF(Q28<=0.4,"Menor",IF(Q28<=0.6,"Moderado",IF(Q28<=0.8,"Mayor","Catastrófico"))))),"") | S28: =IFERROR(IF(OR(AND(P28="Muy Baja",R28="Leve"),AND(P28="Muy Baja",R28="Menor"),AND(P28="Baja",R28="Leve")),"Bajo",IF(OR(AND(P28="Muy baja",R28="Moderado"),AND(P28="Baja",R28="Menor"),AND(P28="Baja",R28="Moderado"),AND(P28="Media",R28="Leve"),AND(P28="Media",R28="Menor"),AND(P28="Media",R28="Moderado"),AND(P28="Alta",R28="Leve"),AND(P28="Alta",R28="Menor")),"Moderado",IF(OR(AND(P28="Muy Baja",R28="Mayor"),AND(P28="Baja",R28="Mayor"),AND(P28="Media",R28="Mayor"),AND(P28="Alta",R28="Moderado"),AND(P28="Alta",R28="Mayor"),AND(P28="Muy Alta",R28="Leve"),AND(P28="Muy Alta",R28="Menor"),AND(P28="Muy Alta",R28="Moderado"),AND(P28="Muy Alta",R28="Mayor")),"Alto",IF(OR(AND(P28="Muy Baja",R28="Catastrófico"),AND(P28="Baja",R28="Catastrófico"),AND(P28="Media",R28="Catastrófico"),AND(P28="Alta",R28="Catastrófico"),AND(P28="Muy Alta",R28="Catastrófico")),"Extremo","")))),"")
B29: =IF(A29="","",VLOOKUP(A29,'Mapa inherente'!$A$10:$E$15,5,FALSE)) | C29: =IF(A29="","",VLOOKUP(A29,'Mapa inherente'!$A$10:$N$15,14,FALSE)) | D29: =IF(B29="","",IF(B29=#REF!,#REF!+1,1)) | M29: =IF(AND(H29="Preventivo",I29="Automático"),"50%",IF(AND(H29="Preventivo",I29="Manual"),"40%",IF(AND(H29="Detectivo",I29="Automático"),"40%",IF(AND(H29="Detectivo",I29="Manual"),"30%",IF(AND(H29="Correctivo",I29="Automático"),"35%",IF(AND(H29="Correctivo",I29="Manual"),"25%","")))))) | N29: =IF(OR(H29="Preventivo",H29="Detectivo"),"Probabilidad",IF(H29="Correctivo","Impacto","")) | O29: =IF(A29="","",IF(D29=1,IFERROR(IF(N29="Probabilidad",(VLOOKUP(A29,'Mapa inherente'!$A$10:$M$15,9,FALSE)-(VLOOKUP(A29,'Mapa inherente'!$A$10:$M$15,9,FALSE)*M29)),IF(N29="Impacto",VLOOKUP(A29,'Mapa inherente'!$A$10:$M$15,9,FALSE),"")),""), IFERROR(IF(N29="Probabilidad",(#REF!-(#REF!)*M29),#REF!),""))) | P29: =IFERROR(IF(O29="","",IF(O29<=0.2,"Muy Baja",IF(O29<=0.4,"Baja",IF(O29<=0.6,"Media",IF(O29<=0.8,"Alta","Muy Alta"))))),"") | Q29: =IF(A29="","",IF(D29=1,IFERROR(IF(N29="Impacto",(VLOOKUP(A29,'Mapa inherente'!$A$10:$M$15,13,FALSE)-(VLOOKUP(A29,'Mapa inherente'!$A$10:$M$15,13,FALSE)*M29)),IF(N29="Probabilidad",VLOOKUP(A29,'Mapa inherente'!$A$10:$M$15,13,FALSE),"")),""), IFERROR(IF(N29="Impacto",(#REF!-(#REF!)*M29),#REF!),""))) | R29: =IFERROR(IF(Q29="","",IF(Q29<=0.2,"Leve",IF(Q29<=0.4,"Menor",IF(Q29<=0.6,"Moderado",IF(Q29<=0.8,"Mayor","Catastrófico"))))),"") | S29: =IFERROR(IF(OR(AND(P29="Muy Baja",R29="Leve"),AND(P29="Muy Baja",R29="Menor"),AND(P29="Baja",R29="Leve")),"Bajo",IF(OR(AND(P29="Muy baja",R29="Moderado"),AND(P29="Baja",R29="Menor"),AND(P29="Baja",R29="Moderado"),AND(P29="Media",R29="Leve"),AND(P29="Media",R29="Menor"),AND(P29="Media",R29="Moderado"),AND(P29="Alta",R29="Leve"),AND(P29="Alta",R29="Menor")),"Moderado",IF(OR(AND(P29="Muy Baja",R29="Mayor"),AND(P29="Baja",R29="Mayor"),AND(P29="Media",R29="Mayor"),AND(P29="Alta",R29="Moderado"),AND(P29="Alta",R29="Mayor"),AND(P29="Muy Alta",R29="Leve"),AND(P29="Muy Alta",R29="Menor"),AND(P29="Muy Alta",R29="Moderado"),AND(P29="Muy Alta",R29="Mayor")),"Alto",IF(OR(AND(P29="Muy Baja",R29="Catastrófico"),AND(P29="Baja",R29="Catastrófico"),AND(P29="Media",R29="Catastrófico"),AND(P29="Alta",R29="Catastrófico"),AND(P29="Muy Alta",R29="Catastrófico")),"Extremo","")))),"")
B30: =IF(A30="","",VLOOKUP(A30,'Mapa inherente'!$A$10:$E$15,5,FALSE)) | C30: =IF(A30="","",VLOOKUP(A30,'Mapa inherente'!$A$10:$N$15,14,FALSE)) | D30: =IF(B30="","",IF(B30=B29,D29+1,1)) | M30: =IF(AND(H30="Preventivo",I30="Automático"),"50%",IF(AND(H30="Preventivo",I30="Manual"),"40%",IF(AND(H30="Detectivo",I30="Automático"),"40%",IF(AND(H30="Detectivo",I30="Manual"),"30%",IF(AND(H30="Correctivo",I30="Automático"),"35%",IF(AND(H30="Correctivo",I30="Manual"),"25%","")))))) | N30: =IF(OR(H30="Preventivo",H30="Detectivo"),"Probabilidad",IF(H30="Correctivo","Impacto","")) | O30: =IF(A30="","",IF(D30=1,IFERROR(IF(N30="Probabilidad",(VLOOKUP(A30,'Mapa inherente'!$A$10:$M$15,9,FALSE)-(VLOOKUP(A30,'Mapa inherente'!$A$10:$M$15,9,FALSE)*M30)),IF(N30="Impacto",VLOOKUP(A30,'Mapa inherente'!$A$10:$M$15,9,FALSE),"")),""), IFERROR(IF(N30="Probabilidad",(O29-(O29)*M30),O29),""))) | P30: =IFERROR(IF(O30="","",IF(O30<=0.2,"Muy Baja",IF(O30<=0.4,"Baja",IF(O30<=0.6,"Media",IF(O30<=0.8,"Alta","Muy Alta"))))),"") | Q30: =IF(A30="","",IF(D30=1,IFERROR(IF(N30="Impacto",(VLOOKUP(A30,'Mapa inherente'!$A$10:$M$15,13,FALSE)-(VLOOKUP(A30,'Mapa inherente'!$A$10:$M$15,13,FALSE)*M30)),IF(N30="Probabilidad",VLOOKUP(A30,'Mapa inherente'!$A$10:$M$15,13,FALSE),"")),""), IFERROR(IF(N30="Impacto",(Q29-(Q29)*M30),Q29),""))) | R30: =IFERROR(IF(Q30="","",IF(Q30<=0.2,"Leve",IF(Q30<=0.4,"Menor",IF(Q30<=0.6,"Moderado",IF(Q30<=0.8,"Mayor","Catastrófico"))))),"") | S30: =IFERROR(IF(OR(AND(P30="Muy Baja",R30="Leve"),AND(P30="Muy Baja",R30="Menor"),AND(P30="Baja",R30="Leve")),"Bajo",IF(OR(AND(P30="Muy baja",R30="Moderado"),AND(P30="Baja",R30="Menor"),AND(P30="Baja",R30="Moderado"),AND(P30="Media",R30="Leve"),AND(P30="Media",R30="Menor"),AND(P30="Media",R30="Moderado"),AND(P30="Alta",R30="Leve"),AND(P30="Alta",R30="Menor")),"Moderado",IF(OR(AND(P30="Muy Baja",R30="Mayor"),AND(P30="Baja",R30="Mayor"),AND(P30="Media",R30="Mayor"),AND(P30="Alta",R30="Moderado"),AND(P30="Alta",R30="Mayor"),AND(P30="Muy Alta",R30="Leve"),AND(P30="Muy Alta",R30="Menor"),AND(P30="Muy Alta",R30="Moderado"),AND(P30="Muy Alta",R30="Mayor")),"Alto",IF(OR(AND(P30="Muy Baja",R30="Catastrófico"),AND(P30="Baja",R30="Catastrófico"),AND(P30="Media",R30="Catastrófico"),AND(P30="Alta",R30="Catastrófico"),AND(P30="Muy Alta",R30="Catastrófico")),"Extremo","")))),"")
B31: =IF(A31="","",VLOOKUP(A31,'Mapa inherente'!$A$10:$E$15,5,FALSE)) | C31: =IF(A31="","",VLOOKUP(A31,'Mapa inherente'!$A$10:$N$15,14,FALSE)) | D31: =IF(B31="","",IF(B31=B30,D30+1,1)) | M31: =IF(AND(H31="Preventivo",I31="Automático"),"50%",IF(AND(H31="Preventivo",I31="Manual"),"40%",IF(AND(H31="Detectivo",I31="Automático"),"40%",IF(AND(H31="Detectivo",I31="Manual"),"30%",IF(AND(H31="Correctivo",I31="Automático"),"35%",IF(AND(H31="Correctivo",I31="Manual"),"25%","")))))) | N31: =IF(OR(H31="Preventivo",H31="Detectivo"),"Probabilidad",IF(H31="Correctivo","Impacto","")) | O31: =IF(A31="","",IF(D31=1,IFERROR(IF(N31="Probabilidad",(VLOOKUP(A31,'Mapa inherente'!$A$10:$M$15,9,FALSE)-(VLOOKUP(A31,'Mapa inherente'!$A$10:$M$15,9,FALSE)*M31)),IF(N31="Impacto",VLOOKUP(A31,'Mapa inherente'!$A$10:$M$15,9,FALSE),"")),""), IFERROR(IF(N31="Probabilidad",(O30-(O30)*M31),O30),""))) | P31: =IFERROR(IF(O31="","",IF(O31<=0.2,"Muy Baja",IF(O31<=0.4,"Baja",IF(O31<=0.6,"Media",IF(O31<=0.8,"Alta","Muy Alta"))))),"") | Q31: =IF(A31="","",IF(D31=1,IFERROR(IF(N31="Impacto",(VLOOKUP(A31,'Mapa inherente'!$A$10:$M$15,13,FALSE)-(VLOOKUP(A31,'Mapa inherente'!$A$10:$M$15,13,FALSE)*M31)),IF(N31="Probabilidad",VLOOKUP(A31,'Mapa inherente'!$A$10:$M$15,13,FALSE),"")),""), IFERROR(IF(N31="Impacto",(Q30-(Q30)*M31),Q30),""))) | R31: =IFERROR(IF(Q31="","",IF(Q31<=0.2,"Leve",IF(Q31<=0.4,"Menor",IF(Q31<=0.6,"Moderado",IF(Q31<=0.8,"Mayor","Catastrófico"))))),"") | S31: =IFERROR(IF(OR(AND(P31="Muy Baja",R31="Leve"),AND(P31="Muy Baja",R31="Menor"),AND(P31="Baja",R31="Leve")),"Bajo",IF(OR(AND(P31="Muy baja",R31="Moderado"),AND(P31="Baja",R31="Menor"),AND(P31="Baja",R31="Moderado"),AND(P31="Media",R31="Leve"),AND(P31="Media",R31="Menor"),AND(P31="Media",R31="Moderado"),AND(P31="Alta",R31="Leve"),AND(P31="Alta",R31="Menor")),"Moderado",IF(OR(AND(P31="Muy Baja",R31="Mayor"),AND(P31="Baja",R31="Mayor"),AND(P31="Media",R31="Mayor"),AND(P31="Alta",R31="Moderado"),AND(P31="Alta",R31="Mayor"),AND(P31="Muy Alta",R31="Leve"),AND(P31="Muy Alta",R31="Menor"),AND(P31="Muy Alta",R31="Moderado"),AND(P31="Muy Alta",R31="Mayor")),"Alto",IF(OR(AND(P31="Muy Baja",R31="Catastrófico"),AND(P31="Baja",R31="Catastrófico"),AND(P31="Media",R31="Catastrófico"),AND(P31="Alta",R31="Catastrófico"),AND(P31="Muy Alta",R31="Catastrófico")),"Extremo","")))),"")
B32: =IF(A32="","",VLOOKUP(A32,'Mapa inherente'!$A$10:$E$15,5,FALSE)) | C32: =IF(A32="","",VLOOKUP(A32,'Mapa inherente'!$A$10:$N$15,14,FALSE)) | D32: =IF(B32="","",IF(B32=B31,D31+1,1)) | M32: =IF(AND(H32="Preventivo",I32="Automático"),"50%",IF(AND(H32="Preventivo",I32="Manual"),"40%",IF(AND(H32="Detectivo",I32="Automático"),"40%",IF(AND(H32="Detectivo",I32="Manual"),"30%",IF(AND(H32="Correctivo",I32="Automático"),"35%",IF(AND(H32="Correctivo",I32="Manual"),"25%","")))))) | N32: =IF(OR(H32="Preventivo",H32="Detectivo"),"Probabilidad",IF(H32="Correctivo","Impacto","")) | O32: =IF(A32="","",IF(D32=1,IFERROR(IF(N32="Probabilidad",(VLOOKUP(A32,'Mapa inherente'!$A$10:$M$15,9,FALSE)-(VLOOKUP(A32,'Mapa inherente'!$A$10:$M$15,9,FALSE)*M32)),IF(N32="Impacto",VLOOKUP(A32,'Mapa inherente'!$A$10:$M$15,9,FALSE),"")),""), IFERROR(IF(N32="Probabilidad",(O31-(O31)*M32),O31),""))) | P32: =IFERROR(IF(O32="","",IF(O32<=0.2,"Muy Baja",IF(O32<=0.4,"Baja",IF(O32<=0.6,"Media",IF(O32<=0.8,"Alta","Muy Alta"))))),"") | Q32: =IF(A32="","",IF(D32=1,IFERROR(IF(N32="Impacto",(VLOOKUP(A32,'Mapa inherente'!$A$10:$M$15,13,FALSE)-(VLOOKUP(A32,'Mapa inherente'!$A$10:$M$15,13,FALSE)*M32)),IF(N32="Probabilidad",VLOOKUP(A32,'Mapa inherente'!$A$10:$M$15,13,FALSE),"")),""), IFERROR(IF(N32="Impacto",(Q31-(Q31)*M32),Q31),""))) | R32: =IFERROR(IF(Q32="","",IF(Q32<=0.2,"Leve",IF(Q32<=0.4,"Menor",IF(Q32<=0.6,"Moderado",IF(Q32<=0.8,"Mayor","Catastrófico"))))),"") | S32: =IFERROR(IF(OR(AND(P32="Muy Baja",R32="Leve"),AND(P32="Muy Baja",R32="Menor"),AND(P32="Baja",R32="Leve")),"Bajo",IF(OR(AND(P32="Muy baja",R32="Moderado"),AND(P32="Baja",R32="Menor"),AND(P32="Baja",R32="Moderado"),AND(P32="Media",R32="Leve"),AND(P32="Media",R32="Menor"),AND(P32="Media",R32="Moderado"),AND(P32="Alta",R32="Leve"),AND(P32="Alta",R32="Menor")),"Moderado",IF(OR(AND(P32="Muy Baja",R32="Mayor"),AND(P32="Baja",R32="Mayor"),AND(P32="Media",R32="Mayor"),AND(P32="Alta",R32="Moderado"),AND(P32="Alta",R32="Mayor"),AND(P32="Muy Alta",R32="Leve"),AND(P32="Muy Alta",R32="Menor"),AND(P32="Muy Alta",R32="Moderado"),AND(P32="Muy Alta",R32="Mayor")),"Alto",IF(OR(AND(P32="Muy Baja",R32="Catastrófico"),AND(P32="Baja",R32="Catastrófico"),AND(P32="Media",R32="Catastrófico"),AND(P32="Alta",R32="Catastrófico"),AND(P32="Muy Alta",R32="Catastrófico")),"Extremo","")))),"")
B33: =IF(A33="","",VLOOKUP(A33,'Mapa inherente'!$A$10:$E$15,5,FALSE)) | C33: =IF(A33="","",VLOOKUP(A33,'Mapa inherente'!$A$10:$N$15,14,FALSE)) | D33: =IF(B33="","",IF(B33=B32,D32+1,1)) | M33: =IF(AND(H33="Preventivo",I33="Automático"),"50%",IF(AND(H33="Preventivo",I33="Manual"),"40%",IF(AND(H33="Detectivo",I33="Automático"),"40%",IF(AND(H33="Detectivo",I33="Manual"),"30%",IF(AND(H33="Correctivo",I33="Automático"),"35%",IF(AND(H33="Correctivo",I33="Manual"),"25%","")))))) | N33: =IF(OR(H33="Preventivo",H33="Detectivo"),"Probabilidad",IF(H33="Correctivo","Impacto","")) | O33: =IF(A33="","",IF(D33=1,IFERROR(IF(N33="Probabilidad",(VLOOKUP(A33,'Mapa inherente'!$A$10:$M$15,9,FALSE)-(VLOOKUP(A33,'Mapa inherente'!$A$10:$M$15,9,FALSE)*M33)),IF(N33="Impacto",VLOOKUP(A33,'Mapa inherente'!$A$10:$M$15,9,FALSE),"")),""), IFERROR(IF(N33="Probabilidad",(O32-(O32)*M33),O32),""))) | P33: =IFERROR(IF(O33="","",IF(O33<=0.2,"Muy Baja",IF(O33<=0.4,"Baja",IF(O33<=0.6,"Media",IF(O33<=0.8,"Alta","Muy Alta"))))),"") | Q33: =IF(A33="","",IF(D33=1,IFERROR(IF(N33="Impacto",(VLOOKUP(A33,'Mapa inherente'!$A$10:$M$15,13,FALSE)-(VLOOKUP(A33,'Mapa inherente'!$A$10:$M$15,13,FALSE)*M33)),IF(N33="Probabilidad",VLOOKUP(A33,'Mapa inherente'!$A$10:$M$15,13,FALSE),"")),""), IFERROR(IF(N33="Impacto",(Q32-(Q32)*M33),Q32),""))) | R33: =IFERROR(IF(Q33="","",IF(Q33<=0.2,"Leve",IF(Q33<=0.4,"Menor",IF(Q33<=0.6,"Moderado",IF(Q33<=0.8,"Mayor","Catastrófico"))))),"") | S33: =IFERROR(IF(OR(AND(P33="Muy Baja",R33="Leve"),AND(P33="Muy Baja",R33="Menor"),AND(P33="Baja",R33="Leve")),"Bajo",IF(OR(AND(P33="Muy baja",R33="Moderado"),AND(P33="Baja",R33="Menor"),AND(P33="Baja",R33="Moderado"),AND(P33="Media",R33="Leve"),AND(P33="Media",R33="Menor"),AND(P33="Media",R33="Moderado"),AND(P33="Alta",R33="Leve"),AND(P33="Alta",R33="Menor")),"Moderado",IF(OR(AND(P33="Muy Baja",R33="Mayor"),AND(P33="Baja",R33="Mayor"),AND(P33="Media",R33="Mayor"),AND(P33="Alta",R33="Moderado"),AND(P33="Alta",R33="Mayor"),AND(P33="Muy Alta",R33="Leve"),AND(P33="Muy Alta",R33="Menor"),AND(P33="Muy Alta",R33="Moderado"),AND(P33="Muy Alta",R33="Mayor")),"Alto",IF(OR(AND(P33="Muy Baja",R33="Catastrófico"),AND(P33="Baja",R33="Catastrófico"),AND(P33="Media",R33="Catastrófico"),AND(P33="Alta",R33="Catastrófico"),AND(P33="Muy Alta",R33="Catastrófico")),"Extremo","")))),"")
B34: =IF(A34="","",VLOOKUP(A34,'Mapa inherente'!$A$10:$E$15,5,FALSE)) | C34: =IF(A34="","",VLOOKUP(A34,'Mapa inherente'!$A$10:$N$15,14,FALSE)) | D34: =IF(B34="","",IF(B34=B33,D33+1,1)) | M34: =IF(AND(H34="Preventivo",I34="Automático"),"50%",IF(AND(H34="Preventivo",I34="Manual"),"40%",IF(AND(H34="Detectivo",I34="Automático"),"40%",IF(AND(H34="Detectivo",I34="Manual"),"30%",IF(AND(H34="Correctivo",I34="Automático"),"35%",IF(AND(H34="Correctivo",I34="Manual"),"25%","")))))) | N34: =IF(OR(H34="Preventivo",H34="Detectivo"),"Probabilidad",IF(H34="Correctivo","Impacto","")) | O34: =IF(A34="","",IF(D34=1,IFERROR(IF(N34="Probabilidad",(VLOOKUP(A34,'Mapa inherente'!$A$10:$M$15,9,FALSE)-(VLOOKUP(A34,'Mapa inherente'!$A$10:$M$15,9,FALSE)*M34)),IF(N34="Impacto",VLOOKUP(A34,'Mapa inherente'!$A$10:$M$15,9,FALSE),"")),""), IFERROR(IF(N34="Probabilidad",(O33-(O33)*M34),O33),""))) | P34: =IFERROR(IF(O34="","",IF(O34<=0.2,"Muy Baja",IF(O34<=0.4,"Baja",IF(O34<=0.6,"Media",IF(O34<=0.8,"Alta","Muy Alta"))))),"") | Q34: =IF(A34="","",IF(D34=1,IFERROR(IF(N34="Impacto",(VLOOKUP(A34,'Mapa inherente'!$A$10:$M$15,13,FALSE)-(VLOOKUP(A34,'Mapa inherente'!$A$10:$M$15,13,FALSE)*M34)),IF(N34="Probabilidad",VLOOKUP(A34,'Mapa inherente'!$A$10:$M$15,13,FALSE),"")),""), IFERROR(IF(N34="Impacto",(Q33-(Q33)*M34),Q33),""))) | R34: =IFERROR(IF(Q34="","",IF(Q34<=0.2,"Leve",IF(Q34<=0.4,"Menor",IF(Q34<=0.6,"Moderado",IF(Q34<=0.8,"Mayor","Catastrófico"))))),"") | S34: =IFERROR(IF(OR(AND(P34="Muy Baja",R34="Leve"),AND(P34="Muy Baja",R34="Menor"),AND(P34="Baja",R34="Leve")),"Bajo",IF(OR(AND(P34="Muy baja",R34="Moderado"),AND(P34="Baja",R34="Menor"),AND(P34="Baja",R34="Moderado"),AND(P34="Media",R34="Leve"),AND(P34="Media",R34="Menor"),AND(P34="Media",R34="Moderado"),AND(P34="Alta",R34="Leve"),AND(P34="Alta",R34="Menor")),"Moderado",IF(OR(AND(P34="Muy Baja",R34="Mayor"),AND(P34="Baja",R34="Mayor"),AND(P34="Media",R34="Mayor"),AND(P34="Alta",R34="Moderado"),AND(P34="Alta",R34="Mayor"),AND(P34="Muy Alta",R34="Leve"),AND(P34="Muy Alta",R34="Menor"),AND(P34="Muy Alta",R34="Moderado"),AND(P34="Muy Alta",R34="Mayor")),"Alto",IF(OR(AND(P34="Muy Baja",R34="Catastrófico"),AND(P34="Baja",R34="Catastrófico"),AND(P34="Media",R34="Catastrófico"),AND(P34="Alta",R34="Catastrófico"),AND(P34="Muy Alta",R34="Catastrófico")),"Extremo","")))),"")
B35: =IF(A35="","",VLOOKUP(A35,'Mapa inherente'!$A$10:$E$15,5,FALSE)) | C35: =IF(A35="","",VLOOKUP(A35,'Mapa inherente'!$A$10:$N$15,14,FALSE)) | D35: =IF(B35="","",IF(B35=B34,D34+1,1)) | M35: =IF(AND(H35="Preventivo",I35="Automático"),"50%",IF(AND(H35="Preventivo",I35="Manual"),"40%",IF(AND(H35="Detectivo",I35="Automático"),"40%",IF(AND(H35="Detectivo",I35="Manual"),"30%",IF(AND(H35="Correctivo",I35="Automático"),"35%",IF(AND(H35="Correctivo",I35="Manual"),"25%","")))))) | N35: =IF(OR(H35="Preventivo",H35="Detectivo"),"Probabilidad",IF(H35="Correctivo","Impacto","")) | O35: =IF(A35="","",IF(D35=1,IFERROR(IF(N35="Probabilidad",(VLOOKUP(A35,'Mapa inherente'!$A$10:$M$15,9,FALSE)-(VLOOKUP(A35,'Mapa inherente'!$A$10:$M$15,9,FALSE)*M35)),IF(N35="Impacto",VLOOKUP(A35,'Mapa inherente'!$A$10:$M$15,9,FALSE),"")),""), IFERROR(IF(N35="Probabilidad",(O34-(O34)*M35),O34),""))) | P35: =IFERROR(IF(O35="","",IF(O35<=0.2,"Muy Baja",IF(O35<=0.4,"Baja",IF(O35<=0.6,"Media",IF(O35<=0.8,"Alta","Muy Alta"))))),"") | Q35: =IF(A35="","",IF(D35=1,IFERROR(IF(N35="Impacto",(VLOOKUP(A35,'Mapa inherente'!$A$10:$M$15,13,FALSE)-(VLOOKUP(A35,'Mapa inherente'!$A$10:$M$15,13,FALSE)*M35)),IF(N35="Probabilidad",VLOOKUP(A35,'Mapa inherente'!$A$10:$M$15,13,FALSE),"")),""), IFERROR(IF(N35="Impacto",(Q34-(Q34)*M35),Q34),""))) | R35: =IFERROR(IF(Q35="","",IF(Q35<=0.2,"Leve",IF(Q35<=0.4,"Menor",IF(Q35<=0.6,"Moderado",IF(Q35<=0.8,"Mayor","Catastrófico"))))),"") | S35: =IFERROR(IF(OR(AND(P35="Muy Baja",R35="Leve"),AND(P35="Muy Baja",R35="Menor"),AND(P35="Baja",R35="Leve")),"Bajo",IF(OR(AND(P35="Muy baja",R35="Moderado"),AND(P35="Baja",R35="Menor"),AND(P35="Baja",R35="Moderado"),AND(P35="Media",R35="Leve"),AND(P35="Media",R35="Menor"),AND(P35="Media",R35="Moderado"),AND(P35="Alta",R35="Leve"),AND(P35="Alta",R35="Menor")),"Moderado",IF(OR(AND(P35="Muy Baja",R35="Mayor"),AND(P35="Baja",R35="Mayor"),AND(P35="Media",R35="Mayor"),AND(P35="Alta",R35="Moderado"),AND(P35="Alta",R35="Mayor"),AND(P35="Muy Alta",R35="Leve"),AND(P35="Muy Alta",R35="Menor"),AND(P35="Muy Alta",R35="Moderado"),AND(P35="Muy Alta",R35="Mayor")),"Alto",IF(OR(AND(P35="Muy Baja",R35="Catastrófico"),AND(P35="Baja",R35="Catastrófico"),AND(P35="Media",R35="Catastrófico"),AND(P35="Alta",R35="Catastrófico"),AND(P35="Muy Alta",R35="Catastrófico")),"Extremo","")))),"")
B36: =IF(A36="","",VLOOKUP(A36,'Mapa inherente'!$A$10:$E$15,5,FALSE)) | C36: =IF(A36="","",VLOOKUP(A36,'Mapa inherente'!$A$10:$N$15,14,FALSE)) | D36: =IF(B36="","",IF(B36=B35,D35+1,1)) | M36: =IF(AND(H36="Preventivo",I36="Automático"),"50%",IF(AND(H36="Preventivo",I36="Manual"),"40%",IF(AND(H36="Detectivo",I36="Automático"),"40%",IF(AND(H36="Detectivo",I36="Manual"),"30%",IF(AND(H36="Correctivo",I36="Automático"),"35%",IF(AND(H36="Correctivo",I36="Manual"),"25%","")))))) | N36: =IF(OR(H36="Preventivo",H36="Detectivo"),"Probabilidad",IF(H36="Correctivo","Impacto","")) | O36: =IF(A36="","",IF(D36=1,IFERROR(IF(N36="Probabilidad",(VLOOKUP(A36,'Mapa inherente'!$A$10:$M$15,9,FALSE)-(VLOOKUP(A36,'Mapa inherente'!$A$10:$M$15,9,FALSE)*M36)),IF(N36="Impacto",VLOOKUP(A36,'Mapa inherente'!$A$10:$M$15,9,FALSE),"")),""), IFERROR(IF(N36="Probabilidad",(O35-(O35)*M36),O35),""))) | P36: =IFERROR(IF(O36="","",IF(O36<=0.2,"Muy Baja",IF(O36<=0.4,"Baja",IF(O36<=0.6,"Media",IF(O36<=0.8,"Alta","Muy Alta"))))),"") | Q36: =IF(A36="","",IF(D36=1,IFERROR(IF(N36="Impacto",(VLOOKUP(A36,'Mapa inherente'!$A$10:$M$15,13,FALSE)-(VLOOKUP(A36,'Mapa inherente'!$A$10:$M$15,13,FALSE)*M36)),IF(N36="Probabilidad",VLOOKUP(A36,'Mapa inherente'!$A$10:$M$15,13,FALSE),"")),""), IFERROR(IF(N36="Impacto",(Q35-(Q35)*M36),Q35),""))) | R36: =IFERROR(IF(Q36="","",IF(Q36<=0.2,"Leve",IF(Q36<=0.4,"Menor",IF(Q36<=0.6,"Moderado",IF(Q36<=0.8,"Mayor","Catastrófico"))))),"") | S36: =IFERROR(IF(OR(AND(P36="Muy Baja",R36="Leve"),AND(P36="Muy Baja",R36="Menor"),AND(P36="Baja",R36="Leve")),"Bajo",IF(OR(AND(P36="Muy baja",R36="Moderado"),AND(P36="Baja",R36="Menor"),AND(P36="Baja",R36="Moderado"),AND(P36="Media",R36="Leve"),AND(P36="Media",R36="Menor"),AND(P36="Media",R36="Moderado"),AND(P36="Alta",R36="Leve"),AND(P36="Alta",R36="Menor")),"Moderado",IF(OR(AND(P36="Muy Baja",R36="Mayor"),AND(P36="Baja",R36="Mayor"),AND(P36="Media",R36="Mayor"),AND(P36="Alta",R36="Moderado"),AND(P36="Alta",R36="Mayor"),AND(P36="Muy Alta",R36="Leve"),AND(P36="Muy Alta",R36="Menor"),AND(P36="Muy Alta",R36="Moderado"),AND(P36="Muy Alta",R36="Mayor")),"Alto",IF(OR(AND(P36="Muy Baja",R36="Catastrófico"),AND(P36="Baja",R36="Catastrófico"),AND(P36="Media",R36="Catastrófico"),AND(P36="Alta",R36="Catastrófico"),AND(P36="Muy Alta",R36="Catastrófico")),"Extremo","")))),"")
B37: =IF(A37="","",VLOOKUP(A37,'Mapa inherente'!$A$10:$E$15,5,FALSE)) | C37: =IF(A37="","",VLOOKUP(A37,'Mapa inherente'!$A$10:$N$15,14,FALSE)) | D37: =IF(B37="","",IF(B37=B36,D36+1,1)) | M37: =IF(AND(H37="Preventivo",I37="Automático"),"50%",IF(AND(H37="Preventivo",I37="Manual"),"40%",IF(AND(H37="Detectivo",I37="Automático"),"40%",IF(AND(H37="Detectivo",I37="Manual"),"30%",IF(AND(H37="Correctivo",I37="Automático"),"35%",IF(AND(H37="Correctivo",I37="Manual"),"25%","")))))) | N37: =IF(OR(H37="Preventivo",H37="Detectivo"),"Probabilidad",IF(H37="Correctivo","Impacto","")) | O37: =IF(A37="","",IF(D37=1,IFERROR(IF(N37="Probabilidad",(VLOOKUP(A37,'Mapa inherente'!$A$10:$M$15,9,FALSE)-(VLOOKUP(A37,'Mapa inherente'!$A$10:$M$15,9,FALSE)*M37)),IF(N37="Impacto",VLOOKUP(A37,'Mapa inherente'!$A$10:$M$15,9,FALSE),"")),""), IFERROR(IF(N37="Probabilidad",(O36-(O36)*M37),O36),""))) | P37: =IFERROR(IF(O37="","",IF(O37<=0.2,"Muy Baja",IF(O37<=0.4,"Baja",IF(O37<=0.6,"Media",IF(O37<=0.8,"Alta","Muy Alta"))))),"") | Q37: =IF(A37="","",IF(D37=1,IFERROR(IF(N37="Impacto",(VLOOKUP(A37,'Mapa inherente'!$A$10:$M$15,13,FALSE)-(VLOOKUP(A37,'Mapa inherente'!$A$10:$M$15,13,FALSE)*M37)),IF(N37="Probabilidad",VLOOKUP(A37,'Mapa inherente'!$A$10:$M$15,13,FALSE),"")),""), IFERROR(IF(N37="Impacto",(Q36-(Q36)*M37),Q36),""))) | R37: =IFERROR(IF(Q37="","",IF(Q37<=0.2,"Leve",IF(Q37<=0.4,"Menor",IF(Q37<=0.6,"Moderado",IF(Q37<=0.8,"Mayor","Catastrófico"))))),"") | S37: =IFERROR(IF(OR(AND(P37="Muy Baja",R37="Leve"),AND(P37="Muy Baja",R37="Menor"),AND(P37="Baja",R37="Leve")),"Bajo",IF(OR(AND(P37="Muy baja",R37="Moderado"),AND(P37="Baja",R37="Menor"),AND(P37="Baja",R37="Moderado"),AND(P37="Media",R37="Leve"),AND(P37="Media",R37="Menor"),AND(P37="Media",R37="Moderado"),AND(P37="Alta",R37="Leve"),AND(P37="Alta",R37="Menor")),"Moderado",IF(OR(AND(P37="Muy Baja",R37="Mayor"),AND(P37="Baja",R37="Mayor"),AND(P37="Media",R37="Mayor"),AND(P37="Alta",R37="Moderado"),AND(P37="Alta",R37="Mayor"),AND(P37="Muy Alta",R37="Leve"),AND(P37="Muy Alta",R37="Menor"),AND(P37="Muy Alta",R37="Moderado"),AND(P37="Muy Alta",R37="Mayor")),"Alto",IF(OR(AND(P37="Muy Baja",R37="Catastrófico"),AND(P37="Baja",R37="Catastrófico"),AND(P37="Media",R37="Catastrófico"),AND(P37="Alta",R37="Catastrófico"),AND(P37="Muy Alta",R37="Catastrófico")),"Extremo","")))),"")
B38: =IF(A38="","",VLOOKUP(A38,'Mapa inherente'!$A$10:$E$15,5,FALSE)) | C38: =IF(A38="","",VLOOKUP(A38,'Mapa inherente'!$A$10:$N$15,14,FALSE)) | D38: =IF(B38="","",IF(B38=B37,D37+1,1)) | M38: =IF(AND(H38="Preventivo",I38="Automático"),"50%",IF(AND(H38="Preventivo",I38="Manual"),"40%",IF(AND(H38="Detectivo",I38="Automático"),"40%",IF(AND(H38="Detectivo",I38="Manual"),"30%",IF(AND(H38="Correctivo",I38="Automático"),"35%",IF(AND(H38="Correctivo",I38="Manual"),"25%","")))))) | N38: =IF(OR(H38="Preventivo",H38="Detectivo"),"Probabilidad",IF(H38="Correctivo","Impacto","")) | O38: =IF(A38="","",IF(D38=1,IFERROR(IF(N38="Probabilidad",(VLOOKUP(A38,'Mapa inherente'!$A$10:$M$15,9,FALSE)-(VLOOKUP(A38,'Mapa inherente'!$A$10:$M$15,9,FALSE)*M38)),IF(N38="Impacto",VLOOKUP(A38,'Mapa inherente'!$A$10:$M$15,9,FALSE),"")),""), IFERROR(IF(N38="Probabilidad",(O37-(O37)*M38),O37),""))) | P38: =IFERROR(IF(O38="","",IF(O38<=0.2,"Muy Baja",IF(O38<=0.4,"Baja",IF(O38<=0.6,"Media",IF(O38<=0.8,"Alta","Muy Alta"))))),"") | Q38: =IF(A38="","",IF(D38=1,IFERROR(IF(N38="Impacto",(VLOOKUP(A38,'Mapa inherente'!$A$10:$M$15,13,FALSE)-(VLOOKUP(A38,'Mapa inherente'!$A$10:$M$15,13,FALSE)*M38)),IF(N38="Probabilidad",VLOOKUP(A38,'Mapa inherente'!$A$10:$M$15,13,FALSE),"")),""), IFERROR(IF(N38="Impacto",(Q37-(Q37)*M38),Q37),""))) | R38: =IFERROR(IF(Q38="","",IF(Q38<=0.2,"Leve",IF(Q38<=0.4,"Menor",IF(Q38<=0.6,"Moderado",IF(Q38<=0.8,"Mayor","Catastrófico"))))),"") | S38: =IFERROR(IF(OR(AND(P38="Muy Baja",R38="Leve"),AND(P38="Muy Baja",R38="Menor"),AND(P38="Baja",R38="Leve")),"Bajo",IF(OR(AND(P38="Muy baja",R38="Moderado"),AND(P38="Baja",R38="Menor"),AND(P38="Baja",R38="Moderado"),AND(P38="Media",R38="Leve"),AND(P38="Media",R38="Menor"),AND(P38="Media",R38="Moderado"),AND(P38="Alta",R38="Leve"),AND(P38="Alta",R38="Menor")),"Moderado",IF(OR(AND(P38="Muy Baja",R38="Mayor"),AND(P38="Baja",R38="Mayor"),AND(P38="Media",R38="Mayor"),AND(P38="Alta",R38="Moderado"),AND(P38="Alta",R38="Mayor"),AND(P38="Muy Alta",R38="Leve"),AND(P38="Muy Alta",R38="Menor"),AND(P38="Muy Alta",R38="Moderado"),AND(P38="Muy Alta",R38="Mayor")),"Alto",IF(OR(AND(P38="Muy Baja",R38="Catastrófico"),AND(P38="Baja",R38="Catastrófico"),AND(P38="Media",R38="Catastrófico"),AND(P38="Alta",R38="Catastrófico"),AND(P38="Muy Alta",R38="Catastrófico")),"Extremo","")))),"")
B39: =IF(A39="","",VLOOKUP(A39,'Mapa inherente'!$A$10:$E$15,5,FALSE)) | C39: =IF(A39="","",VLOOKUP(A39,'Mapa inherente'!$A$10:$N$15,14,FALSE)) | D39: =IF(B39="","",IF(B39=B38,D38+1,1)) | M39: =IF(AND(H39="Preventivo",I39="Automático"),"50%",IF(AND(H39="Preventivo",I39="Manual"),"40%",IF(AND(H39="Detectivo",I39="Automático"),"40%",IF(AND(H39="Detectivo",I39="Manual"),"30%",IF(AND(H39="Correctivo",I39="Automático"),"35%",IF(AND(H39="Correctivo",I39="Manual"),"25%","")))))) | N39: =IF(OR(H39="Preventivo",H39="Detectivo"),"Probabilidad",IF(H39="Correctivo","Impacto","")) | O39: =IF(A39="","",IF(D39=1,IFERROR(IF(N39="Probabilidad",(VLOOKUP(A39,'Mapa inherente'!$A$10:$M$15,9,FALSE)-(VLOOKUP(A39,'Mapa inherente'!$A$10:$M$15,9,FALSE)*M39)),IF(N39="Impacto",VLOOKUP(A39,'Mapa inherente'!$A$10:$M$15,9,FALSE),"")),""), IFERROR(IF(N39="Probabilidad",(O38-(O38)*M39),O38),""))) | P39: =IFERROR(IF(O39="","",IF(O39<=0.2,"Muy Baja",IF(O39<=0.4,"Baja",IF(O39<=0.6,"Media",IF(O39<=0.8,"Alta","Muy Alta"))))),"") | Q39: =IF(A39="","",IF(D39=1,IFERROR(IF(N39="Impacto",(VLOOKUP(A39,'Mapa inherente'!$A$10:$M$15,13,FALSE)-(VLOOKUP(A39,'Mapa inherente'!$A$10:$M$15,13,FALSE)*M39)),IF(N39="Probabilidad",VLOOKUP(A39,'Mapa inherente'!$A$10:$M$15,13,FALSE),"")),""), IFERROR(IF(N39="Impacto",(Q38-(Q38)*M39),Q38),""))) | R39: =IFERROR(IF(Q39="","",IF(Q39<=0.2,"Leve",IF(Q39<=0.4,"Menor",IF(Q39<=0.6,"Moderado",IF(Q39<=0.8,"Mayor","Catastrófico"))))),"") | S39: =IFERROR(IF(OR(AND(P39="Muy Baja",R39="Leve"),AND(P39="Muy Baja",R39="Menor"),AND(P39="Baja",R39="Leve")),"Bajo",IF(OR(AND(P39="Muy baja",R39="Moderado"),AND(P39="Baja",R39="Menor"),AND(P39="Baja",R39="Moderado"),AND(P39="Media",R39="Leve"),AND(P39="Media",R39="Menor"),AND(P39="Media",R39="Moderado"),AND(P39="Alta",R39="Leve"),AND(P39="Alta",R39="Menor")),"Moderado",IF(OR(AND(P39="Muy Baja",R39="Mayor"),AND(P39="Baja",R39="Mayor"),AND(P39="Media",R39="Mayor"),AND(P39="Alta",R39="Moderado"),AND(P39="Alta",R39="Mayor"),AND(P39="Muy Alta",R39="Leve"),AND(P39="Muy Alta",R39="Menor"),AND(P39="Muy Alta",R39="Moderado"),AND(P39="Muy Alta",R39="Mayor")),"Alto",IF(OR(AND(P39="Muy Baja",R39="Catastrófico"),AND(P39="Baja",R39="Catastrófico"),AND(P39="Media",R39="Catastrófico"),AND(P39="Alta",R39="Catastrófico"),AND(P39="Muy Alta",R39="Catastrófico")),"Extremo","")))),"")

Sheet Hoja2
F4: Diaria
F5: Semanal
F6: Mensual
F7: Trimestral
F8: Cuatrimestral
F9: Semestral
F10: Anual

Sheet Tabla probabilidad
C2: UNIVERSIDAD DE CÓRDOBA | D2: CÓDIGO: FMAM-013 VERSIÓN: 06 EMISIÓN: 12/12/2023
C3: MATRIZ MAPA DE RIESGOS
B5: Tabla Criterios para definir el nivel de probabilidad
C7: Frecuencia de la Actividad | D7: Probabilidad
B8: Muy Baja | C8: La actividad que conlleva el riesgo se ejecuta como máximos 2 veces por año | D8: 0.2
B9: Baja | C9: La actividad que conlleva el riesgo se ejecuta de 3 a 24 veces por año | D9: 0.4
B10: Media | C10: La actividad que conlleva el riesgo se ejecuta de 24 a 500 veces por año | D10: 0.6
B11: Alta | C11: La actividad que conlleva el riesgo se ejecuta mínimo 500 veces al año y máximo 5000 veces por año | D11: 0.8
B12: Muy Alta | C12: La actividad que conlleva el riesgo se ejecuta más de 5000 veces por año | D12: 1

Sheet Tabla Impacto
C2: UNIVERSIDAD DE CÓRDOBA | E2: CÓDIGO: FMAM-013 VERSIÓN: 06 EMISIÓN: 12/12/2023
C3: MATRIZ MAPA DE RIESGOS
B5: Tabla Criterios para definir el nivel de impacto
C7: Afectación Económica (o presupuestal) | D7: Pérdida Reputacional
A8: Insignificante | B8: Leve 20% | C8: Afectación menor a 10 SMLMV | D8: El riesgo afecta la imagen de alguna área de la organización
A9: Menor | B9: Menor-40% | C9: Entre 10 y 50 SMLMV | D9: El riesgo afecta la imagen de la entidad internamente, de conocimiento general, nivel interno, de junta dircetiva y accionistas y/o de provedores
A10: Moderado | B10: Moderado 60% | C10: Entre 50 y 100 SMLMV | D10: El riesgo afecta la imagen de la entidad con algunos usuarios de relevancia frente al logro de los objetivos
A11: Mayor | B11: Mayor 80% | C11: Entre 100 y 500 SMLMV | D11: El riesgo afecta la imagen de de la entidad con efecto publicitario sostenido a nivel de sector administrativo, nivel departamental o municipal
A12: Catastrófico | B12: Catastrófico 100% | C12: Mayor a 500 SMLMV | D12: El riesgo afecta la imagen de la entidad a nivel nacional, con efecto publicitarios sostenible a nivel país
B15: Afectación_Económica_o_presupuestal | C15: Afectación menor a 10 SMLMV . | D15: El riesgo afecta la imagen de alguna área de la organización
B16: Pérdida_Reputacional | C16: Entre 10 y 50 SMLMV | D16: El riesgo afecta la imagen de la entidad internamente, de conocimiento general, nivel interno, de junta dircetiva y accionistas y/o de provedores
C17: Entre 50 y 100 SMLMV | D17: El riesgo afecta la imagen de la entidad con algunos usuarios de relevancia frente al logro de los objetivos
C18: Entre 100 y 500 SMLMV | D18: El riesgo afecta la imagen de de la entidad con efecto publicitario sostenido a nivel de sector administrativo, nivel departamental o municipal
C19: Mayor a 500 SMLMV | D19: El riesgo afecta la imagen de la entidad a nivel nacional, con efecto publicitarios sostenible a nivel país
B213: Criterios | C213: Subcriterios | D213: Criterios | E213: Subcriterios
B214: Afectación Económica o presupuestal | C214: Afectación menor a 10 SMLMV . | D214: Afectación Económica o presupuestal - No seleccionar | F214: =IF(NOT(ISBLANK(D214)),D214,IF(NOT(ISBLANK(E214))," "&E214,FALSE)) -> Afectación Económica o presupuestal - No seleccionar | G214: Afectación Económica o presupuestal | H214: =IF(NOT(ISERROR(MATCH(G214,_xlfn.ANCHORARRAY(B225),0))),F227&"Por favor no seleccionar los criterios de impacto",G214) -> ❌Por favor no seleccionar los criterios de impacto
B215: Afectación Económica o presupuestal | C215: Entre 10 y 50 SMLMV | E215: Afectación menor a 10 SMLMV . | F215: =IF(NOT(ISBLANK(D215)),D215,IF(NOT(ISBLANK(E215))," "&E215,FALSE)) -> Afectación menor a 10 SMLMV .
B216: Afectación Económica o presupuestal | C216: Entre 50 y 100 SMLMV | E216: Entre 10 y 50 SMLMV | F216: =IF(NOT(ISBLANK(D216)),D216,IF(NOT(ISBLANK(E216))," "&E216,FALSE)) -> Entre 10 y 50 SMLMV
B217: Afectación Económica o presupuestal | C217: Entre 100 y 500 SMLMV | E217: Entre 50 y 100 SMLMV | F217: =IF(NOT(ISBLANK(D217)),D217,IF(NOT(ISBLANK(E217))," "&E217,FALSE)) -> Entre 50 y 100 SMLMV
B218: Afectación Económica o presupuestal | C218: Mayor a 500 SMLMV | E218: Entre 100 y 500 SMLMV | F218: =IF(NOT(ISBLANK(D218)),D218,IF(NOT(ISBLANK(E218))," "&E218,FALSE)) -> Entre 100 y 500 SMLMV
B219: Pérdida Reputacional | C219: El riesgo afecta la imagen de alguna área de la organización | E219: Mayor a 500 SMLMV | F219: =IF(NOT(ISBLANK(D219)),D219,IF(NOT(ISBLANK(E219))," "&E219,FALSE)) -> Mayor a 500 SMLMV
B220: Pérdida Reputacional | C220: El riesgo afecta la imagen de la entidad internamente, de conocimiento general, nivel interno, de junta dircetiva y accionistas y/o de provedores | D220: Pérdida Reputacional - No seleccionar | F220: =IF(NOT(ISBLANK(D220)),D220,IF(NOT(ISBLANK(E220))," "&E220,FALSE)) -> Pérdida Reputacional - No seleccionar
B221: Pérdida Reputacional | C221: El riesgo afecta la imagen de la entidad con algunos usuarios de relevancia frente al logro de los objetivos | E221: El riesgo afecta la imagen de alguna área de la organización | F221: =IF(NOT(ISBLANK(D221)),D221,IF(NOT(ISBLANK(E221))," "&E221,FALSE)) -> El riesgo afecta la imagen de alguna área de la organización
B222: Pérdida Reputacional | C222: El riesgo afecta la imagen de de la entidad con efecto publicitario sostenido a nivel de sector administrativo, nivel departamental o municipal | E222: El riesgo afecta la imagen de la entidad internamente, de conocimiento general, nivel interno, de junta dircetiva y accionistas y/o de provedores | F222: =IF(NOT(ISBLANK(D222)),D222,IF(NOT(ISBLANK(E222))," "&E222,FALSE)) -> El riesgo afecta la imagen de la entidad internamente, de conocimiento general, nivel interno, de junta dircetiva y accionistas y/o de provedores
B223: Pérdida Reputacional | C223: El riesgo afecta la imagen de la entidad a nivel nacional, con efecto publicitarios sostenible a nivel país | E223: El riesgo afecta la imagen de la entidad con algunos usuarios de relevancia frente al logro de los objetivos | F223: =IF(NOT(ISBLANK(D223)),D223,IF(NOT(ISBLANK(E223))," "&E223,FALSE)) -> El riesgo afecta la imagen de la entidad con algunos usuarios de relevancia frente al logro de los objetivos
E224: El riesgo afecta la imagen de de la entidad con efecto publicitario sostenido a nivel de sector administrativo, nivel departamental o municipal | F224: =IF(NOT(ISBLANK(D224)),D224,IF(NOT(ISBLANK(E224))," "&E224,FALSE)) -> El riesgo afecta la imagen de de la entidad con efecto publicitario sostenido a nivel de sector administrativo, nivel departamental o municipal
B225: {=_xlfn.UNIQUE(Tabla1[[#All],[Criterios]])} -> Criterios | E225: El riesgo afecta la imagen de la entidad a nivel nacional, con efecto publicitarios sostenible a nivel país | F225: =IF(NOT(ISBLANK(D225)),D225,IF(NOT(ISBLANK(E225))," "&E225,FALSE)) -> El riesgo afecta la imagen de la entidad a nivel nacional, con efecto publicitarios sostenible a nivel país
B226: Afectación Económica o presupuestal
B227: Pérdida Reputacional | F227: ❌
F228: ✔

Sheet Tabla Valoración controles
C2: UNIVERSIDAD DE CÓRDOBA | F2: CÓDIGO: FMAM-013 VERSIÓN: 06 EMISIÓN: 12/12/2023
C3: MATRIZ MAPA DE RIESGOS
B5: Tabla Atributos de para el diseño del control
B7: Características | E7: Descripción | F7: Peso
B8: Atributos de Eficiencia | C8: Tipo | D8: Preventivo | E8: Va hacia las causas del riesgo, aseguran el resultado final esperado. | F8: 0.25
D9: Detectivo | E9: Detecta que algo ocurre y devuelve el proceso a los controles preventivos. Se pueden generar reprocesos. | F9: 0.15
D10: Correctivo | E10: Dado que permiten reducir el impacto de la materialización del riesgo, tienen un costo en su implementación. | F10: 0.1
C11: Implementación | D11: Automático | E11: Son actividades de procesamiento o validación de información que se ejecutan por un sistema y/o aplicativo de manera automática sin la intervención de personas para su realización. | F11: 0.25
D12: Manual | E12: Controles que son ejecutados por una persona., tiene implícito el error humano. | F12: 0.15
B13: *Atributos de Formalización | C13: Documentación | D13: Documentado | E13: Controles que están documentados en el proceso, ya sea en manuales, procedimientos, flujogramas o cualquier otro documento propio del proceso. | F13: -
D14: Sin Documentar | E14: Identifica a los controles que pese a que se ejecutan en el proceso no se encuentran documentados en ningún documento propio del proceso | F14: -
C15: Frecuencia | D15: Continua | E15: Este atributo identifica a los controles que se ejecutan siempre que se realiza la actividad originadora del riesgo. | F15: -
D16: Aleatoria | E16: Este atributo identifica a los controles que no siempre se ejecutan cuando se realiza la actividad originadora del riesgo | F16: -
C17: Evidencia | D17: Con Registro | E17: El control deja un registro que permite evidenciar la ejecución del control | F17: -
D18: Sin Registro | E18: El control no deja registro de la ejecución del control | F18: -
B19: *Nota 1: Los atributos de formalización se recogerán de manera informativa, con el fin de conocer el entorno del control y complementar el análisis con elementos cualitativos; éstos no tienen una incidencia directa en su efectividad.

Sheet Opciones Tratamiento
B2: Aceptar | E2: Económico
B3: Evitar | E3: Reputacional
B4: Reducir (compartir) | E4: Económico y Reputacional
B5: Reducir (mitigar)
B8: Plan de accion (solo para la opción reducir)
B9: Finalizado
B10: En curso
B13: Daños Activos Fisicos
B14: Ejecucion y Administracion de procesos
B15: Fallas Tecnologicas
B16: Fraude Externo
B17: Fraude Interno
B18: Relaciones Laborales
B19: Usuarios, productos y practicas , organizacionales

Sheet Hoja1
A3: Preventivo
A4: Detectivo
A5: Correctivo
A6: Automático
A7: Manual
A8: Documentado
A9: Sin Documentar
A10: Continua
A11: Aleatoria
A12: Registro Sustancial
A13: Registro Material
A14: Sin registro
... A21: En curso
